Cogmind - Beta 12 X1 @@@ ROGUE MODE // 2022.10.07 @ 22:42:27 Player: leiavoia Result: Destroyed by L-61 Swordsman with Power Sword Performance ------------- Evolutions (7) 3500 Regions Visited (33) 6600 Robots Destroyed (1167) 5835 Value Destroyed (45495) 45495 Prototype IDs (107) 2140 Alien Tech Used (2) 400 Bonus (41510) 41510 TOTAL SCORE: 105480 Bonus ------- Triggered High Security 2500 High Alert Combat Kills 25685 Follower Combat Kills 2489 Aligned with FarCom 300 Met Data Miner 300 Met Imprinter 300 Met Zhirov 300 Met Warlord at Base 500 MAIN.C Attacked Warlord 500 Warlord Defense Kills 9482 Friendly Fire -846 Cogmind --------- Core Integrity 0/1300 Matter 300/300 Energy 100/100 System Corruption 43% Temperature Cool (9) Movement Core (50) Location -3/Research Parts ------- > --- POWER (2) -------- (None) > --- PROPULSION (6) --- (None) > --- UTILITY (9) ------ (None) > --- WEAPON (4) ------- (None) > --- INVENTORY (5) ---- (None) Peak State ------------ > --- POWER ------------ Vortex Chain Reactor > --- PROPULSION ------- Spiked Heavy Treads Centrium Wheel Centrium Wheel Centrium Wheel Centrium Wheel > --- UTILITY ---------- Humpback Advanced Trap Scanner Enhanced Optical Array Improved Weapon Cycler Advanced Transmission Jammer Makeshift Armor Plating Advanced Focal Shield Improved Force Field > --- WEAPON ----------- Matter Neutralizer Tri-rail Accelerator Hardcell Cannon > --- INVENTORY -------- Reinforced Fission Core Fusion Reactor Improved Heavy Treads Cooled Nuclear Pulse Thruster Field Propulsion Array Field Propulsion Array Experimental Cooling System Huge Storage Unit Energy Well Matter Compressor Improved Matter Compressor Precision Matter Filter Experimental Cloaking Device Improved Medium Armor Plating Improved Medium Armor Plating Advanced Thermal Shield Improved Force Field Hacking Suite Advanced Hacking Suite Improved System Shield Long-range Tractor Beam Dimensional Node Initializer Transdimensional Reconstructor Hardcell Cannon Heavy Gauss Cannon Neutron Missile Launcher Neutron Missile Launcher Neutron Missile Launcher Neutron Missile Launcher Thunder Hammer [Rating: 157] Favorites ----------- Power Vortex Chain Reactor Engine Heavy Ion Engine Power Core Cooled Fission Core Reactor Vortex Chain Reactor Propulsion Centrium Wheel Treads Armored Treads Leg Aluminum Leg Wheel Centrium Wheel Flight Unit Xenon Bombardment Thruster Utility Hardened Medium Armor Plating Device Cooling System Storage Humpback Processor Enhanced Optical Array Hackware Advanced Hacking Suite Protection Hardened Medium Armor Plating Weapon Improved Light Cannon Energy Gun EM Shotgun Energy Cannon Matter Neutralizer Ballistic Gun Enhanced Autogun Ballistic Cannon Improved Light Cannon Launcher Long-range Missile Launcher Special Weapon RU-N14's Throwing Claymores Impact Weapon Thunder Hammer Slashing Weapon Plasma Sword Piercing Weapon CR-A16's Behemoth Slayer Build | -11 -10 -10 -9 -9 -9 -8 -8 -8 -7 -7 -7 -7 -7 -7 -6 -6 -6 -6 -6 -5 -5 -5 -5 -5 -5 -5 -4 -4 -4 -4 -4 -3 -3 ------- Run | Scr Mat Min Mat Min Exi Min Mat Sto Fac Was Fac Low Low Zio Pro Fac Low Low Dat Pro Fac Was Fac Upp Upp War Pro Fac Upp Upp Zhi Pro Res Slots Evolved 14 | . . . 2 . . . 2 . 2 . . . . . . 2 . . . . 2 . . . . . . 2 . . . . 2 Power 1 | . . . . . . . . . . . . . . . . . . . . . 1 . . . . . . . . . . . . Propulsion 4 | . . . 1 . . . 1 . . . . . . . . 1 . . . . . . . . . . . 1 . . . . . Utility 7 | . . . 1 . . . 1 . 2 . . . . . . 1 . . . . . . . . . . . 1 . . . . 1 Weapon 2 | . . . . . . . . . . . . . . . . . . . . . 1 . . . . . . . . . . . 1 Parts Attached 1223 | 1 19 2 56 9 2 9 88 99 12 8 147 5 15 3 20 78 5 1 2 11 23 12 106 20 20 35 20 180 23 11 13 11 157 Power 64 | . 3 . 2 . . . 3 4 . . 9 . . . 1 3 2 . . . 2 2 10 1 1 2 2 7 . . 2 . 8 Engine 27 | . 3 . 2 . . . 3 4 . . 5 . . . 1 2 2 . . . 1 . 1 . . 1 . 2 . . . . . Core 20 | . . . . . . . . . . . 4 . . . . 1 . . . . 1 . 7 1 1 . . 4 . . . . 1 Reactor 17 | . . . . . . . . . . . . . . . . . . . . . . 2 2 . . 1 2 1 . . 2 . 7 Propulsion 176 | . 4 1 7 1 . 1 14 9 . 2 17 . 5 . 3 20 . . . 1 4 3 19 . 1 5 . 21 1 . 4 4 29 Treads 78 | . 3 1 7 1 . 1 8 7 . 1 5 . 4 . 1 4 . . . 1 2 2 5 . 1 5 . 5 1 . 1 2 10 Leg 1 | . 1 . . . . . . . . . . . . . . . . . . . . . . . . . . . . . . . . Wheel 40 | . . . . . . . 6 2 . 1 4 . 1 . 2 . . . . . . . . . . . . 8 . . 2 2 12 Hover . | . . . . . . . . . . . . . . . . . . . . . . . . . . . . . . . . . . Flight 57 | . . . . . . . . . . . 8 . . . . 16 . . . . 2 1 14 . . . . 8 . . 1 . 7 Utility 580 | 1 4 1 24 3 1 3 39 39 6 4 71 2 6 . 8 35 1 . . 2 13 7 38 14 13 17 12 123 12 3 4 3 71 Device 402 | 1 1 . 14 1 . 2 21 25 3 1 53 2 4 . 5 14 . . . . 10 3 20 12 8 14 11 107 12 2 3 3 50 Storage 32 | . 2 . 1 . 1 . 1 1 . 1 3 . 1 . 1 2 . . . 1 . 1 7 . 1 . . 3 . . . . 5 Processor 14 | . . . . . . . . . . . 1 . . . . 2 . . . . 1 . 5 . 2 . . 1 . . . . 2 Hackware 24 | . . . . . . . 2 . . . 3 . . . . 6 . . . . . . 3 . . . . 5 . . . . 5 Protection 108 | . 1 1 9 2 . 1 15 13 3 2 11 . 1 . 2 11 1 . . 1 2 3 3 2 2 3 1 7 . 1 1 . 9 Artifact . | . . . . . . . . . . . . . . . . . . . . . . . . . . . . . . . . . . Weapon 403 | . 8 . 23 5 1 5 32 47 6 2 50 3 4 3 8 20 2 1 2 8 4 . 39 5 5 11 6 29 10 8 3 4 49 Energy Gun 18 | . 7 . . . . . 2 8 1 . . . . . . . . . . . . . . . . . . . . . . . . Energy Cannon 89 | . . . 6 1 . 2 14 10 1 . 21 . . . 1 2 . 1 1 1 1 . 2 . 1 1 3 10 2 1 . . 7 Ballistic Gun 14 | . 1 . . . . . . 10 . . . . . . . . . . . . . . 1 . . . 2 . . . . . . Ballistic Cannon 115 | . . . 7 2 1 1 3 . 1 . 12 2 2 2 4 4 . . . 3 1 . 20 2 3 6 1 5 4 4 2 2 21 Launcher 123 | . . . 10 2 . 2 13 18 3 1 13 1 2 . 1 4 . . . 4 . . 10 3 1 4 . 6 4 2 . 2 17 Special Weapon 7 | . . . . . . . . . . . . . . . 1 6 . . . . . . . . . . . . . . . . . Impact Weapon 22 | . . . . . . . . 1 . . 4 . . 1 . 1 . . . . . . 4 . . . . 6 . 1 1 . 3 Slashing Weapon 7 | . . . . . . . . . . . . . . . . 1 1 . . . 2 . 2 . . . . 1 . . . . . Piercing Weapon 8 | . . . . . . . . . . 1 . . . . 1 2 1 . 1 . . . . . . . . 1 . . . . 1 Special Melee Weapon . | . . . . . . . . . . . . . . . . . . . . . . . . . . . . . . . . . . Unidentified Prototypes 51 | . . . 3 . . . 1 3 2 2 4 . . . 1 2 . . . 1 2 1 7 . . 3 2 6 . . 5 . 6 Corrupted Parts 6 | . . . . . . . 1 . . . 1 . . . . . . . . . . . . . . . 3 . . . . . 1 System Corruption 31 | . . . . . . . 4 . . . 2 . . . . . . . . . . . . . . . 20 . . . . . 5 Parts Lost 127 | . 3 . . 1 . 1 12 6 . . . 1 2 . 3 15 1 . . 1 2 . 14 2 6 7 . 2 . . . . 48 Power 13 | . 1 . . . . . . . . . . . . . . . 1 . . . . . 3 1 1 . . . . . . . 6 Propulsion 39 | . . . . . . 1 4 1 . . . . 2 . . 5 . . . . 1 . 7 . 1 2 . . . . . . 15 Utility 49 | . 1 . . 1 . . 5 3 . . . 1 . . 2 8 . . . 1 1 . 4 1 3 2 . 2 . . . . 14 Weapon 26 | . 1 . . . . . 3 2 . . . . . . 1 2 . . . . . . . . 1 3 . . . . . . 13 Highest Loss Streak 11 | . 2 . . 1 . 1 8 2 . . . 1 1 . 1 11 1 . . 1 2 . 9 1 6 5 . 1 . . . . 10 To Critical Strikes 1 | . . . . . . . . . . . . . . . . . . . . . . . . . . 1 . . . . . . . Average Slot Usage (%) 82 | . 98 100 99 99 100 99 90 97 75 75 81 69 74 71 75 66 73 73 60 72 57 64 73 82 81 77 81 79 78 78 69 77 74 Engine 5 | . 13 14 11 11 11 11 8 8 7 7 4 7 7 7 7 3 5 6 6 6 5 2 . . . . . 2 . . . . . Core 1 | . . . . . . . . . . . 2 . . . . 1 . . . . 1 3 5 6 10 3 . 2 . . . . 1 Reactor 1 | . . . . . . . . . . . . . . . . . . . . . . 2 3 3 . 3 5 2 5 5 5 5 5 Treads 14 | . 22 28 32 33 33 33 17 34 . . 2 . 12 15 13 6 20 20 20 20 10 7 8 17 16 17 23 8 5 5 5 5 3 Wheel 5 | . . . . . . . 10 . 15 15 9 15 8 7 8 5 . . . . . . . . . . . 2 21 21 20 20 10 Flight 3 | . . . . . . . . . . . 9 . . . . 11 . . . . 4 3 11 . . . . 11 . . . . 5 Device 11 | . 3 . 5 1 . 10 14 14 22 22 13 15 15 15 14 6 6 6 6 6 7 15 7 11 7 8 8 14 21 21 20 21 14 Storage 6 | . 14 14 11 11 11 11 9 9 7 7 6 7 7 7 7 4 6 6 6 8 5 3 4 5 5 5 5 4 5 5 5 5 4 Processor 2 | . . . . . . . . . . . . . . . . 1 . . . . 1 5 11 11 11 13 11 5 5 5 5 5 3 Hackware 2 | . . . . . . . 1 . . . 5 . . . . 7 . . . . . . 4 . . . . 7 . . . . 7 Protection 9 | . 10 14 16 20 22 11 10 11 6 7 12 7 6 7 7 7 20 20 20 17 8 5 2 5 7 5 13 3 5 5 5 5 2 Energy Gun 1 | . 24 28 . . . . . 4 . . . . . . . . . . . . . 4 . . . . . . . . . . . Energy Cannon 2 | . . . 1 1 . 7 12 3 4 . 2 5 . . 2 3 6 6 . 3 1 . . . . 3 1 2 1 . . . 1 Ballistic Cannon 6 | . . . 17 12 22 11 2 . . . 1 3 14 4 11 2 . . . 6 7 . 5 16 16 10 5 2 8 8 . 9 8 Launcher 1 | . . . 2 7 . 3 1 2 3 14 6 5 . . . . . . . . . . . . . . . 1 . . . . . Naked Turns 42 | . . . . . . . . . . . . . . . . 34 . . . . . . . . . . . . . . . . 8 Heaviest Build 316 | 14 34 32 72 72 72 68 115 297 231 230 252 252 252 251 254 255 202 202 202 208 225 94 177 176 174 176 152 297 287 287 282 283 316 Greatest Support 207 | 20 40 40 69 69 69 69 92 84 56 56 80 56 56 28 54 182 170 170 170 170 170 139 160 160 160 160 154 207 64 64 64 64 165 Greatest Overweight (x) 9 | . 9 . 1 1 1 . 8 5 4 8 4 4 8 8 9 4 1 1 1 1 1 . 1 1 1 1 . 4 4 4 5 5 7 Average Overweight (x) 1 | . . . . . 1 . 1 1 3 4 . 4 7 8 7 . 1 1 1 1 . . . . . . . . 4 4 3 4 . Largest Inventory Capacity 35 | 8 15 15 20 20 20 20 25 35 35 35 35 35 35 35 35 35 30 30 30 30 30 10 25 25 25 25 25 35 35 35 35 35 35 Average Capacity 25 | 8 14 15 19 20 20 20 24 25 35 35 26 35 35 35 35 20 30 30 30 30 20 8 14 25 25 25 25 21 35 35 35 35 23 Most Carried 35 | 6 15 15 20 20 20 20 25 34 35 35 35 35 35 35 35 35 30 30 30 30 30 10 25 25 25 25 25 35 35 35 35 35 35 Average Carried 24 | 6 12 14 19 19 19 19 23 25 34 34 25 34 31 33 34 18 28 30 30 29 19 7 13 24 23 24 24 20 34 34 34 34 20 Final Capacity 35 | 8 15 15 20 20 20 20 25 35 35 35 35 35 35 35 35 35 30 30 30 30 5 10 25 25 25 25 25 35 35 35 35 35 5 Final Carried 35 | 6 15 15 20 20 20 19 25 34 35 35 35 35 32 35 35 35 30 30 30 30 5 10 25 25 25 25 25 35 35 35 35 35 . Class Distribution -------------------- 35% | Hauler-Mutant 30% | Mutant 7% | Hacker-Sprinter 7% | Hauler-Tank Dominant Class ---------------- Mutant | -10/Materials Mutant | -10/Mines Mutant | -9/Materials Mutant | -9/Mines Mutant | -9/Exiles Mutant | -8/Mines Mutant | -8/Materials Mutant | -8/Storage Hauler-Mutant | -7/Factory Hauler-Mutant | -7/Waste Hauler-Mutant | -7/Factory Hauler-Mutant | -7/Lower Caves Hauler-Mutant | -7/Lower Caves Hauler-Mutant | -7/Zion Hauler-Mutant | -6/Proximity Caves Hauler-Mutant | -6/Factory Hauler-Mutant | -6/Lower Caves Hauler-Mutant | -6/Lower Caves Hauler-Mutant | -6/Data Miner Hauler-Mutant | -5/Proximity Caves Hauler-Tank | -5/Factory Scavenger-Mutant | -5/Waste Scavenger-Mutant | -5/Factory Gunner | -5/Upper Caves Tank | -5/Upper Caves Commander-Mutant | -5/Warlord Scavenger-Tank | -4/Proximity Caves Hauler-Mutant | -4/Factory Hauler-Tank | -4/Upper Caves Hauler-Tank | -4/Upper Caves Hauler-Mutant | -4/Zhirov Hauler-Tank | -3/Proximity Caves Hacker-Scout | -3/Research Resources | -11 -10 -10 -9 -9 -9 -8 -8 -8 -7 -7 -7 -7 -7 -7 -6 -6 -6 -6 -6 -5 -5 -5 -5 -5 -5 -5 -4 -4 -4 -4 -4 -3 -3 ----------- Run | Scr Mat Min Mat Min Exi Min Mat Sto Fac Was Fac Low Low Zio Pro Fac Low Low Dat Pro Fac Was Fac Upp Upp War Pro Fac Upp Upp Zhi Pro Res Matter Collected 40525 | 210 346 20 2667 258 . 395 1811 2590 351 878 4104 1049 511 20 382 1200 219 71 . 289 273 213 3234 1705 1120 2239 380 5709 1335 596 199 347 5804 Remotely 14709 | . . . 1608 . . 144 868 1199 176 . 1652 . 114 . . 191 . . . . 124 . 683 487 476 1306 51 2501 137 . . 158 2834 Salvage Created 43698 | 219 850 412 3492 214 . 450 2758 3915 368 1322 4326 647 337 . 351 1495 131 99 . 49 286 . 2302 500 730 1678 390 8381 858 171 199 308 6460 Parts 1886 | 15 47 27 254 14 . 31 163 176 21 . 211 12 9 . 15 83 13 1 . 3 13 . 93 25 13 61 13 302 34 8 . 14 215 Haulers Intercepted 36 | . 2 . 5 . . . 6 6 . . 5 . . . . 3 . . . . . . 4 . . . . 2 . . . . 3 Recyclers Shooed 25 | . . . 7 . . . 1 7 . . 2 . . . . . . . . . . . 1 . . . . 5 . . . . 2 Parts Field Recycled . | . . . . . . . . . . . . . . . . . . . . . . . . . . . . . . . . . . Retrieved Matter . | . . . . . . . . . . . . . . . . . . . . . . . . . . . . . . . . . . Parts Self-Destructed 179 | . . . . . . . . . . . . 11 8 . 14 . 9 . . 41 . . . 21 17 . 12 . 30 7 . 9 . Prevented 3 | . . . . . . . . . . . . . . . . . . . . . . . . 1 . . . . 1 . . 1 . Kills | -11 -10 -10 -9 -9 -9 -8 -8 -8 -7 -7 -7 -7 -7 -7 -6 -6 -6 -6 -6 -5 -5 -5 -5 -5 -5 -5 -4 -4 -4 -4 -4 -3 -3 ------- Run | Scr Mat Min Mat Min Exi Min Mat Sto Fac Was Fac Low Low Zio Pro Fac Low Low Dat Pro Fac Was Fac Upp Upp War Pro Fac Upp Upp Zhi Pro Res Combat Hostiles Destroyed 942 | . 17 5 55 14 . 13 50 98 5 6 118 14 13 . 17 34 1 . . 3 3 . 41 17 19 82 6 153 25 8 . 9 116 Melee 7 | . . . . . . . . . . . . . . . 1 2 . . . . . . 1 . . . . 2 . . . . 1 Guns 49 | . 17 5 . . . . 1 23 3 . . . . . . . . . . . . . . . . . . . . . . . . Cannons 299 | . . . 25 9 . 7 22 6 2 . 13 6 8 . 7 15 . . . 1 3 . 17 13 12 16 5 43 14 6 . 2 47 AOE 570 | . . . 29 5 . 5 26 69 . 5 104 8 5 . 9 16 . . . 2 . . 20 4 7 66 . 104 11 2 . 7 66 Classes Destroyed 29 | 2 5 . 7 1 . 1 1 . . 1 1 . 1 . 2 1 1 . . . . . . . . 3 . 1 . . . . 1 Worker 86 | . 1 1 26 . . . 7 5 5 . 9 . . . . 4 . . . . 3 . 7 . . . . 13 . . . . 5 Builder 95 | . . . 33 . . 1 19 4 . . 17 . . . . 8 . . . . 1 . 7 . . . . 3 . . . . 2 Tunneler 18 | 5 . 1 3 . . 2 2 . 1 . 1 . . . . . . . . . . . . . . . . 1 . . . . 2 Hauler 36 | . 2 . 5 . . . 6 6 . . 5 . . . . 3 . . . . . . 4 . . . . 2 . . . . 3 Recycler 73 | 1 1 1 16 . . 1 6 12 . . 3 . . . . 2 . . . . . . 5 . . . . 13 . . . . 12 Carrier 2 | . . . . . . . . . . . . . . . . . . . . . . . . . . . . 2 . . . . . Minesweeper 1 | . . . . . . . . . . . . . . . . . 1 . . . . . . . . . . . . . . . . Mechanic 34 | . . . 1 . . . 2 3 . . 10 . . . . 1 . . . . . . . . . 2 . 12 . . . . 3 Operator 7 | . . . 2 . . . 2 . . . 1 . . . . . . . . . . . . . . . . 2 . . . . . Watcher 42 | . 3 . 2 . . . 3 2 . . 7 . . . . 5 . . . . . . 4 . . . . 9 . . . . 7 Swarmer 98 | . 6 1 . 3 . 3 13 3 3 . . 4 . . 5 6 . . . . . . 9 6 2 16 1 . 10 . . 3 4 Cutter 9 | . . . . . . . . . . . . . . . . 6 . . . . . . 3 . . . . . . . . . . Saboteur 18 | . . . . . . . . . . . . . . . 1 2 . . . . . . . . . 3 . 9 . . . . 3 Grunt 449 | . 11 4 40 4 . 8 26 64 2 . 76 5 6 . 6 9 . . . 2 2 . 12 5 11 31 1 53 12 1 . 5 53 Brawler 52 | . . . 1 . . . 1 5 . . 12 2 3 . 1 1 . . . 1 1 . 1 . 4 5 . 9 . . . . 5 Duelist 55 | . . . 3 1 . 1 . 8 . . 7 1 1 . 1 4 . . . . . . 1 1 1 3 . 13 2 . . . 7 Protector 40 | . . . 4 . . . . 9 . . 8 . 1 . . . . . . . . . 1 . . 2 . 11 . . . . 4 Sentry 41 | . . . 7 . . . 9 9 . . . 1 1 . 2 . . . . . . . 2 2 2 . 1 . 1 1 . . 3 Demolisher 1 | . . . . . . . . . . . . . 1 . . . . . . . . . . . . . . . . . . . . Specialist 4 | . . . . . . . . . . . . . . . . . . . . . . . . . . 2 . . . . . . 2 Hunter 40 | . . . . . . 1 . . . . 8 . . . . 1 . . . . . . 1 2 . 4 . 17 . 4 . . 2 Programmer 102 | . . . . . . . . . . . 7 1 . . . 4 . . . . . . 8 1 . 6 3 41 . 2 . . 29 Heavy 5 | . . . . . . . 1 . . . . . . . . 1 . . . . . . 2 . . . . . . . . . 1 Behemoth 6 | . . . . . . . . . . . . . . . 1 . 1 . . . . . . 1 . 1 . . . . . 1 1 Compactor 6 | . . . . . . . . . . 6 . . . . . . . . . . . . . . . . . . . . . . . Investigator 1 | . . . . . . . . . . . . . . . . . . . . . . . . . . . . . . . . . 1 Striker 3 | . . . . . . . . . . . . . . . . . . . . . . . . . . 2 . . . . . . 1 Executioner 7 | . . . . . . . . . . . . . . . . . . . . . . . . . . 6 . . . . . . 1 Packrat 2 | . . . . . . . . . . . . . . . . . . 1 . . . . . . 1 . . . . . . . . Assembled 6 | . . . . 6 . . . . . . . . . . . . . . . . . . . . . . . . . . . . . Surgeon 1 | . . . . . . . . . . . . . . . . . . . . . . . . . . 1 . . . . . . . Thug 1 | . . 1 . . . . . . . . . . . . . . . . . . . . . . . . . . . . . . . Savage 1 | . . . . . . . . . . . . . . . . . . . . . . . . . . 1 . . . . . . . Butcher 1 | . . . . . . . . . . . . . . . . . . . . . . . 1 . . . . . . . . . . Best Kill Streak 25 | 4 3 2 24 3 . 4 7 19 5 3 25 6 4 . 5 9 1 . . 3 4 . 8 7 17 20 3 25 6 2 . 4 25 Combat Bots Only 23 | . 3 2 20 3 . 3 4 18 3 3 23 6 4 . 5 6 1 . . 3 3 . 6 7 17 20 3 23 6 2 . 4 21 Max Kills in Single Turn 10 | 1 1 1 7 2 . 1 5 7 2 2 10 3 2 . 3 5 1 1 . 1 2 . 5 3 4 6 1 6 4 1 . 3 4 Gunslinging 1 | . . . . . . . . . 1 . . . . . . . . . . . . . . . . . . . . . . . . Exploded 10 | . . . 5 1 . 1 3 6 . 2 10 3 2 . 3 4 . . . 1 . . 4 3 4 4 . 6 4 1 . 3 4 Melee 1 | . . . . . . . . . . . . . . . 1 1 . . . . . . 1 . . . . 1 . . . . 1 Uniques/NPCs Destroyed . | . . . . . . . . . . . . . . . . . . . . . . . . . . . . . . . . . . Combat | -11 -10 -10 -9 -9 -9 -8 -8 -8 -7 -7 -7 -7 -7 -7 -6 -6 -6 -6 -6 -5 -5 -5 -5 -5 -5 -5 -4 -4 -4 -4 -4 -3 -3 -------- Run | Scr Mat Min Mat Min Exi Min Mat Sto Fac Was Fac Low Low Zio Pro Fac Low Low Dat Pro Fac Was Fac Upp Upp War Pro Fac Upp Upp Zhi Pro Res Damage Taken 38332 | . 681 117 1045 260 . 620 2033 2002 184 183 1079 637 625 . 1470 3804 462 . . 699 414 . 2686 1323 1178 3004 86 1765 363 338 . 147 11127 Core 4059 | . 123 . 111 7 . 92 77 131 . 7 99 20 63 . 88 809 19 . . 18 . . 556 33 . 310 8 88 39 48 . . 1313 Absorbed by Shields 8432 | . . . . . . . 20 276 . . 295 235 210 . 451 81 . . . . . . . . . 1469 62 746 293 353 . 156 3785 Reduced by Siege Mode 1083 | . . . . . . . . . . . . . . . . 28 . . . . 28 . 58 58 66 153 . 84 19 21 . 6 562 Redirected to Shielding 255 | . . . . . . . . . . . . . . . . 102 . . . . . . . . . . . . . . . . 153 Regen/Repaired (Parts) 2436 | . 40 . . . . . 353 113 231 73 51 . . . . . . . . . . 417 76 . . 425 . 657 . . . . . Core Remaining (%) 51 | 100 . 50 . . . 47 . 62 . . . . . . 60 . . . . . . . . . . . 9 . . . . 84 . Volleys Fired 2422 | 9 66 14 329 20 . 35 226 186 51 19 259 34 29 . 29 73 . . . 9 9 . 94 44 25 108 16 356 63 31 . 14 274 Largest 4 | 2 2 2 2 2 . 2 2 2 2 2 2 2 2 . 2 2 . . . 2 3 . 3 3 3 3 2 2 2 2 . 2 4 Hottest 306 | 80 90 90 78 107 . 107 250 140 110 69 155 96 96 . 96 180 . . . 106 196 . 208 175 175 223 165 166 125 121 . 125 306 Shots Fired 3670 | 18 121 28 502 34 . 61 387 319 65 38 325 52 48 . 44 97 1 1 . 14 23 . 132 107 62 133 21 362 98 50 . 23 504 Gun 381 | 18 121 28 . . . . 31 157 23 . . . . . . . . . . . . . 2 . . . 1 . . . . . . Cannon 2645 | . . . 448 26 . 47 317 71 42 . 206 45 42 . 32 71 1 1 . 10 23 . 112 102 58 76 20 290 92 44 . 19 450 Launcher 615 | . . . 54 8 . 14 39 91 . 38 119 7 6 . 2 7 . . . 4 . . 18 5 4 57 . 72 6 6 . 4 54 Special 29 | . . . . . . . . . . . . . . . 10 19 . . . . . . . . . . . . . . . . . Kinetic 1817 | . 21 . 334 20 . 34 95 73 18 . 74 33 42 . 32 22 . . . 10 18 . 111 102 58 61 17 148 81 41 . 19 353 Thermal 1066 | 9 10 . 114 6 . 8 253 155 47 . 132 12 . . . 49 1 1 . . 5 . 3 . . 15 4 140 11 3 . . 88 Explosive 644 | . . . 54 8 . 14 39 91 . 38 119 7 6 . 12 26 . . . 4 . . 18 5 4 57 . 72 6 6 . 4 54 Electromagnetic 143 | 9 90 28 . . . 5 . . . . . . . . . . . . . . . . . . . . . 2 . . . . 9 Robot Hit Streak 34 | 12 9 12 19 9 . 23 16 23 7 9 14 15 12 . 12 12 . . . 4 21 . 29 14 21 26 9 30 17 20 . 22 34 Robot Miss Streak 8 | 2 4 3 7 2 . 4 4 5 4 1 3 2 3 . 4 8 . . . 3 2 . 2 2 1 3 3 3 2 1 . 2 7 Penetration Max 2 | . . . . . . . . . . . . 1 1 . . . . . . . . . . . 2 1 . . . . . . . Secondary Targets 5 | . 3 1 . . . . . . 1 . . . . . . . . . . . . . . . . . . . . . . . . Max Gunslinging Chain 1 | . 1 1 . . . . . . 1 . . . . . . . . . . . . . . . . . . . . . . . . Shots Hit Robots 2358 | 12 77 19 274 19 . 37 220 214 29 31 212 40 32 . 37 78 3 1 . 9 22 . 129 73 45 85 18 219 59 31 4 15 314 Core Hits 2412 | 7 38 20 170 18 . 34 125 294 13 15 295 27 31 . 29 109 1 . . 9 18 . 101 32 48 249 13 364 47 19 2 17 267 Critical Kills 23 | . . . 1 . . . 1 . . . 2 . . . . 1 . . . . . . 3 3 4 . 1 3 . . 1 . 3 Critical Parts Destroyed 41 | . . . . . . . . 1 . . 2 . . . . 5 . . . . . . 6 2 3 6 . 10 . . 1 . 5 Critical Strikes 197 | . . . 12 2 . 1 8 1 . . 12 4 3 . 6 8 1 . . 1 1 . 20 17 17 12 1 20 5 4 2 2 37 Burn 2 | . . . . . . . 2 . . . . . . . . . . . . . . . . . . . . . . . . . . Meltdown 9 | . . . 1 . . . 1 . . . 2 . . . . 1 . . . . . . . . . . 1 2 . . . . 1 Destroy 29 | . . . . . . . . 1 . . . . . . . . . . . . . . 6 6 9 7 . . . . . . . Blast 116 | . . . 11 2 . 1 5 . . . 8 4 3 . 2 . . . . 1 1 . 7 11 8 5 . 7 5 4 . 2 29 Smash 31 | . . . . . . . . . . . 2 . . . . 5 . . . . . . 4 . . . . 11 . . 2 . 7 Sever 8 | . . . . . . . . . . . . . . . 3 2 . . . . . . 3 . . . . . . . . . . Impale 2 | . . . . . . . . . . . . . . . 1 . 1 . . . . . . . . . . . . . . . . Melee Attacks 631 | . . . . . . . . 7 . . 85 . . 1 11 55 10 1 . 3 8 . 120 . . . . 251 . 1 4 . 74 Impact 411 | . . . . . . . . 7 . . 85 . . 1 . 34 . . . . . . 44 . . . . 161 . 1 4 . 74 Slashing 174 | . . . . . . . . . . . . . . . . . . . . . 8 . 76 . . . . 90 . . . . . Piercing 46 | . . . . . . . . . . . . . . . 11 21 10 1 . 3 . . . . . . . . . . . . . Sneak Attacks 47 | . . . . . . . . . . . 7 . . . . 4 1 1 . . 3 . 11 . . . . 9 . . . . 11 Combat Hostiles . | . . . . . . . . . . . . . . . . . . . . . . . . . . . . . . . . . . Follow-up Attacks 5 | . . . . . . . . . . . . . . . . . . . . . . . . . . . . 5 . . . . . Damage Inflicted 188243 | 184 1078 358 8900 721 . 1527 7783 14279 544 3322 22740 2033 1804 . 3277 6533 79 87 . 675 786 . 9437 2782 2943 16665 853 38907 4371 2247 443 1908 30977 Guns 4765 | 144 928 315 . . . . 389 2700 247 . . . . . . . . . . . . . 18 . . . 24 . . . . . . Cannons 56695 | . . . 5613 425 . 675 4323 1146 297 . 3162 1135 821 . 646 1465 . . . 150 439 . 2859 2063 1561 2049 829 9542 2725 1666 . 807 12297 Explosions 114163 | 40 150 33 3221 296 . 852 3054 10431 . 3322 17965 898 983 . 2068 3695 . . . 525 . . 3782 719 1382 14616 . 26742 1646 581 . 1101 16061 Melee 11694 | . . . . . . . . . . . 1613 . . . 237 868 79 87 . . 347 . 2778 . . . . 2623 . . 443 . 2619 Ramming 142 | . . 10 66 . . . 17 2 . . . . . . . 47 . . . . . . . . . . . . . . . . . Kinetic 46047 | . 109 . 3859 297 . 414 1339 917 189 . 1464 829 821 . 646 513 . . . 150 439 . 2844 2063 1561 2049 708 8705 2725 1666 . 807 10933 Thermal 16452 | 95 183 33 1801 128 . 130 3569 2929 355 . 1698 306 . . . 952 . . . . . . 520 . . . 145 1938 . . . . 1670 Explosive 111342 | . . . 3174 296 . 852 2858 10431 . 3322 17965 898 983 . 2068 3667 . . . 525 . . 3295 719 1382 14616 . 25548 1646 581 . 1101 15415 Electromagnetic 1782 | 89 786 315 . . . 131 . . . . . . . . . 28 . . . . . . . . . . . 93 . . . . 340 Impact 8381 | . . . . . . . . . . . 1613 . . . . 725 . . . . . . 969 . . . . 2012 . . 443 . 2619 Slashing 3551 | . . . . . . . . . . . . . . . 326 458 . . . . 347 . 1809 . . . . 611 . . . . . Piercing 546 | . . . . . . . . . . . . . . . 237 143 79 87 . . . . . . . . . . . . . . . Highest Corruption 43 | . . . . . . . 4 5 . . 4 1 1 1 . 6 6 3 3 3 5 . 12 12 31 31 25 8 3 4 4 4 43 Average Corruption 6 | . . . . . . . 4 4 . . 1 1 1 1 . 2 3 3 3 3 5 . 9 12 30 5 5 2 3 3 4 4 18 Corruption Purged 25 | . . . . . . . . . . . 4 . . . . 3 3 . . . . . . . . . . 15 . . . . . Corruption Blocked 23 | . . . . . . . . . . . . . . . . . . . . . . . . . . 23 . . . . . . . Effects 944 | . . . . . . . 62 108 . . 35 18 12 1 . 13 14 6 4 20 4 . 80 94 87 11 26 80 27 25 8 34 175 Message Errors 210 | . . . . . . . 12 17 . . 5 5 4 . . 5 5 2 1 3 . . 19 26 18 1 4 21 8 6 2 6 40 Matter Fused 225 | . . . . . . . 13 28 . . 11 4 2 . . 3 3 . 2 5 2 . 17 26 20 6 14 17 3 4 3 8 34 Heat Flow Errors 120 | . . . . . . . 7 13 . . 7 5 . . . 1 . . 1 5 1 . 12 14 14 1 . 10 3 3 . 4 19 Energy Discharges 129 | . . . . . . . 16 15 . . 6 1 1 . . 1 1 1 . 2 . . 10 11 12 . 2 9 5 5 1 6 24 Parts Rejected 7 | . . . . . . . . . . . . . . . . . . . . . . . 1 . . 1 . . . . . . 5 Data Loss (minor) 115 | . . . . . . . 8 15 . . 2 1 2 1 . . 4 2 . 2 1 . 9 13 15 1 2 16 1 2 2 5 11 Data Loss (major) 42 | . . . . . . . 3 5 . . 3 . . . . 1 . . . 1 . . 3 2 4 1 1 4 3 2 . 1 8 Misfires 40 | . . . . . . . . 8 . . 1 2 1 . . 1 1 1 . 2 . . 2 1 1 . 2 3 4 2 . 2 6 Alerts 17 | . . . . . . . 1 4 . . . . 1 . . . . . . . . . 5 . 1 . 1 . . 1 . 2 1 Misdirections 6 | . . . . . . . . . . . . . . . . . . . . . . . . . . . . . . . . . 6 Weapon Failures 33 | . . . . . . . 2 3 . . . . 1 . . 1 . . . . . . 2 1 2 . . . . . . . 21 Overload Shots 5 | . . . . . . . . . . . 5 . . . . . . . . . . . . . . . . . . . . . . Effects 1 | . . . . . . . . . . . 1 . . . . . . . . . . . . . . . . . . . . . . Energy Bleed 1 | . . . . . . . . . . . 1 . . . . . . . . . . . . . . . . . . . . . . Overflow Damage 10478 | . . . 213 6 . 15 162 168 . . 1452 83 25 . 107 587 58 78 . . 69 . 1034 50 48 348 27 2927 148 69 157 71 2576 Projectiles 1912 | . . . 203 . . 15 105 33 . . 171 58 19 . . . . . . . . . 47 46 48 31 27 257 74 35 . 15 728 Explosions 4064 | . . . 10 6 . . 57 135 . . 617 25 6 . 107 129 . . . . . . 239 4 . 317 . 1611 74 34 . 56 637 Melee 4502 | . . . . . . . . . . . 664 . . . . 458 58 78 . . 69 . 748 . . . . 1059 . . 157 . 1211 Knockbacks 286 | . . . 37 4 . 3 5 . . . 13 4 5 . 4 15 . . . . 3 . 20 11 10 4 4 27 14 8 . . 95 Impact 34 | . . . . . . . . . . . 2 . . . . 3 . . . . . . 8 . . . . 11 . . . . 10 Kinetic 240 | . . . 36 4 . 3 5 . . . 11 4 5 . 3 10 . . . . 3 . 12 10 8 4 4 16 11 8 . . 83 Secondary 12 | . . . 1 . . . . . . . . . . . 1 2 . . . . . . . 1 2 . . . 3 . . . 2 Self-Inflicted Damage 2031 | . 38 . 21 136 . . 120 49 . 136 . 40 . . 34 62 . . . 145 . . 380 19 103 . . . . 101 . . 647 Shots 51 | . 1 . 2 4 . . 6 4 . 5 . 1 . . 1 2 . . . 4 . . 7 1 4 . . . . 1 . . 8 Rammed 16 | . . 1 6 . . . 1 1 . . . . . . . 7 . . . . . . . . . . . . . . . . . Targets Rammed 19 | . . 1 8 . . . 1 2 . . . . . . . 7 . . . . . . . . . . . . . . . . . Kicked . | . . . . . . . . . . . . . . . . . . . . . . . . . . . . . . . . . . Crushed 3 | . . . 2 . . . . 1 . . . . . . . . . . . . . . . . . . . . . . . . . Highest Temperature 577 | 90 198 147 378 156 . 254 451 271 . . 418 244 9 . 24 359 19 19 227 256 249 . 483 318 251 280 178 351 273 191 . 203 577 Average Temperature 86 | 41 72 55 64 39 . 130 107 43 . . 61 98 6 . 8 98 12 16 121 99 156 . 121 116 83 73 42 82 80 46 . 45 139 Received Heat Transfer 7666 | . 285 60 525 78 . 261 712 947 27 . 312 146 133 . 283 992 60 . . 66 63 . 321 90 300 99 24 157 83 21 . 5 1616 Effects 61 | . . . . . . . 1 . . . . . . . . 5 . . . . . . 8 3 . . . 4 . . . . 40 Shutdowns 12 | . . . . . . . . . . . . . . . . 2 . . . . . . 1 . . . . . . . . . 9 Energy Bleed 9 | . . . . . . . . . . . . . . . . . . . . . . . 2 1 . . . 3 . . . . 3 Interference 20 | . . . . . . . . . . . . . . . . 3 . . . . . . 4 2 . . . 1 . . . . 10 Matter Decay 5 | . . . . . . . . . . . . . . . . . . . . . . . . . . . . . . . . . 5 Short Circuit 2 | . . . . . . . . . . . . . . . . . . . . . . . 1 . . . . . . . . . 1 Damage (minor) 5 | . . . . . . . 1 . . . . . . . . . . . . . . . . . . . . . . . . . 4 Damage (major) 7 | . . . . . . . . . . . . . . . . . . . . . . . . . . . . . . . . . 7 Damage (core) 1 | . . . . . . . . . . . . . . . . . . . . . . . . . . . . . . . . . 1 Siege Activations 62 | . . . . . . . . . . . . . . . . 2 . . . 1 1 . 4 4 4 8 5 4 8 4 . 2 15 Total Turns 4261 | . . . . . . . . . . . . . . . . 35 . . . 6 32 . 70 208 93 163 136 2778 183 68 . 109 380 Longest Duration 1268 | . . . . . . . . . . . . . . . . 26 . . . 6 32 . 48 116 64 62 121 1268 47 21 . 96 97 Robots Corrupted 2 | . . . . . . 1 . . . . . . . . . . . . . . . . . . . . . . . . . . 1 Combat Hostiles 2 | . . . . . . 1 . . . . . . . . . . . . . . . . . . . . . . . . . . 1 Parts Fried 80 | . 3 . . . . . . . . . 19 . . . . 6 . . . . . . 11 . . . . 24 . . . . 17 Impact Corruptions 124 | . . . 1 . . . . . . . 16 . . . . 14 . . . . . . 20 1 . . . 30 . . 6 . 36 Robots Melted 10 | . . . 1 . . . 2 . . . 2 . . . . 1 . . . . . . . . . . 1 2 . . . . 1 Combat Hostiles 7 | . . . . . . . 1 . . . 1 . . . . 1 . . . . . . . . . . 1 2 . . . . 1 Parts Melted 47 | . 1 . 5 . . . 14 7 . . 9 1 . . . 3 . . . . . . 1 . . . 2 2 . . . . 2 Heat Transferred 25024 | 125 325 50 3158 222 . 222 7163 5465 532 . 2689 600 . . . 962 . . . . . . 337 . . . 148 1651 . . . . 1375 Parts Sabotaged 1 | . . . . . . . . . . . . . . . . . . . . . . . . . . . . . . . . . 1 Parts Stolen . | . . . . . . . . . . . . . . . . . . . . . . . . . . . . . . . . . . Parts Stripped . | . . . . . . . . . . . . . . . . . . . . . . . . . . . . . . . . . . Power Chain Reactions 23 | 1 3 1 . . . . . . . . . . . . . . . . . . . . . . . . . 11 . . . 1 6 Missiles Intercepted . | . . . . . . . . . . . . . . . . . . . . . . . . . . . . . . . . . . Alert | -11 -10 -10 -9 -9 -9 -8 -8 -8 -7 -7 -7 -7 -7 -7 -6 -6 -6 -6 -6 -5 -5 -5 -5 -5 -5 -5 -4 -4 -4 -4 -4 -3 -3 ------- Run | Scr Mat Min Mat Min Exi Min Mat Sto Fac Was Fac Low Low Zio Pro Fac Low Low Dat Pro Fac Was Fac Upp Upp War Pro Fac Upp Upp Zhi Pro Res Peak Influence 4450 | 30 218 187 2073 1217 . 220 1004 2447 1271 460 3372 . . . . 1075 . . . . 169 59 1440 . . . . 4450 . . . . 3314 Initial 1113 | . 19 58 1 1100 . . 25 419 1113 394 182 . . . . 157 . . . . 23 59 41 . . . . 34 . . . . . Average 857 | 12 112 60 411 1054 . 87 605 1351 1186 354 1150 . . . . 439 . . . . 112 59 579 . . . . 1318 . . . . 971 Maximum Alert Level 5 | . 1 . 5 4 . 1 3 5 4 2 5 . . . . 3 . . . . . . 4 . . . . 5 . . . . 5 Low Security (%) 26 | 100 95 100 57 . . 99 13 . . . 5 . . . . 32 . . . . 100 100 18 . . . . 23 . . . . 12 Level 1 10 | . 4 . 4 . . . 7 . . 51 6 . . . . 17 . . . . . . 39 . . . . 18 . . . . 5 Level 2 14 | . . . 15 . . . 37 9 . 48 21 . . . . 27 . . . . . . 5 . . . . 4 . . . . 19 Level 3 21 | . . . 11 60 . . 41 31 6 . 29 . . . . 21 . . . . . . 16 . . . . 3 . . . . 39 Level 4 14 | . . . 9 39 . . . 34 93 . 14 . . . . . . . . . . . 20 . . . . 16 . . . . 6 Level 5 3 | . . . . . . . . . . . 6 . . . . . . . . . . . . . . . . 15 . . . . 1 High Security 9 | . . . 1 . . . . 24 . . 14 . . . . . . . . . . . . . . . . 18 . . . . 14 Max Security . | . . . . . . . . . . . . . . . . . . . . . . . . . . . . . . . . . . Sterilizations 5 | . . . 1 . . . 1 1 . . 1 . . . . . . . . . . . . . . . . 1 . . . . . Squads Dispatched 266 | . 4 1 18 . . . 12 23 2 . 56 . 1 . 1 22 . . . . 1 . 18 . 1 . . 62 . . . . 44 Investigation 56 | . 3 1 5 . . . 4 3 1 . 16 . . . . 5 . . . . 1 . 2 . . . . 10 . . . . 5 Extermination 27 | . . . . . . . . . . . 6 . . . . 3 . . . . . . 3 . . . . 7 . . . . 8 Reinforcement 52 | . 1 . 8 . . . 4 2 . . 11 . . . . 8 . . . . . . 9 . . . . 3 . . . . 6 Assault 120 | . . . 5 . . . 1 15 1 . 23 . 1 . 1 3 . . . . . . 3 . 1 . . 41 . . . . 25 Garrison 11 | . . . . . . . 3 3 . . . . . . . 3 . . . . . . 1 . . . . 1 . . . . . Intercept . | . . . . . . . . . . . . . . . . . . . . . . . . . . . . . . . . . . Searches Triggered 3 | . . . . . . . . . . . 3 . . . . . . . . . . . . . . . . . . . . . . Data Miner Redirects 24 | . . . . . . . . . . . . . . . . . . . . . 1 . 2 . . . . 15 . . . . 6 Construction Impeded 22 | . . . 5 . . . 2 1 . . 10 . . . . 2 . . . . . . 2 . . . . . . . . . . Haulers Reinforced 7 | . . . . . . . . . . . 1 . . . . 1 . . . . . . 3 . . . . . . . . . 2 Active Scanning Responses . | . . . . . . . . . . . . . . . . . . . . . . . . . . . . . . . . . . Cargo Convoy Interrupts 2 | . . . . . . . . . . . . . . . . 1 . . . . . . 1 . . . . . . . . . . Stealth | -11 -10 -10 -9 -9 -9 -8 -8 -8 -7 -7 -7 -7 -7 -7 -6 -6 -6 -6 -6 -5 -5 -5 -5 -5 -5 -5 -4 -4 -4 -4 -4 -3 -3 --------- Run | Scr Mat Min Mat Min Exi Min Mat Sto Fac Was Fac Low Low Zio Pro Fac Low Low Dat Pro Fac Was Fac Upp Upp War Pro Fac Upp Upp Zhi Pro Res Distress Signals 26 | . 4 . 2 1 . . 6 2 . . 1 . . . . 3 . . . . . . 4 . . 2 . 1 . . . . . Communications Jammed 12 | . . . . . . . . . . . . . . . . . . . . . . . . . . . . 11 . . . . 1 Distress Signals 12 | . . . . . . . . . . . . . . . . . . . . . . . . . . . . 11 . . . . 1 Times Spotted 1282 | . 26 7 64 13 . 13 62 122 5 6 138 16 19 . 20 58 1 . . 10 4 . 81 21 24 115 6 232 24 10 . 9 176 Peak Tracking Total 20 | . 5 3 12 3 . 3 6 14 2 3 18 7 12 . 7 8 1 . . 5 3 . 10 7 12 18 3 17 7 3 . 4 20 Tactical Retreats 66 | . . . . . . . 3 . . . 8 1 2 . 1 6 . . . . 1 . 13 . 1 7 . 9 4 2 . . 8 Traps | -11 -10 -10 -9 -9 -9 -8 -8 -8 -7 -7 -7 -7 -7 -7 -6 -6 -6 -6 -6 -5 -5 -5 -5 -5 -5 -5 -4 -4 -4 -4 -4 -3 -3 ------- Run | Scr Mat Min Mat Min Exi Min Mat Sto Fac Was Fac Low Low Zio Pro Fac Low Low Dat Pro Fac Was Fac Upp Upp War Pro Fac Upp Upp Zhi Pro Res Traps Triggered 20 | . 4 . . . . . 1 2 1 . 4 . . . . . . . . . 2 . . . . 1 . 4 . . . . 1 Indirectly . | . . . . . . . . . . . . . . . . . . . . . . . . . . . . . . . . . . Trap Hack Attempts . | . . . . . . . . . . . . . . . . . . . . . . . . . . . . . . . . . . Triggered . | . . . . . . . . . . . . . . . . . . . . . . . . . . . . . . . . . . Disarmed 1 | . . . 1 . . . . . . . . . . . . . . . . . . . . . . . . . . . . . . Reprogrammed . | . . . . . . . . . . . . . . . . . . . . . . . . . . . . . . . . . . Reused . | . . . . . . . . . . . . . . . . . . . . . . . . . . . . . . . . . . Traps Extracted . | . . . . . . . . . . . . . . . . . . . . . . . . . . . . . . . . . . Installed . | . . . . . . . . . . . . . . . . . . . . . . . . . . . . . . . . . . Triggered 26 | . . . . . . . . . . . . . . . . . . . . . . . . 3 . 19 . . 2 . . 2 . Machines | -11 -10 -10 -9 -9 -9 -8 -8 -8 -7 -7 -7 -7 -7 -7 -6 -6 -6 -6 -6 -5 -5 -5 -5 -5 -5 -5 -4 -4 -4 -4 -4 -3 -3 ---------- Run | Scr Mat Min Mat Min Exi Min Mat Sto Fac Was Fac Low Low Zio Pro Fac Low Low Dat Pro Fac Was Fac Upp Upp War Pro Fac Upp Upp Zhi Pro Res Machines Disabled 88 | . 1 . 13 . . . 8 9 4 . 13 . . . 2 6 . . . 1 . . 11 . 1 1 . 9 1 1 . . 7 Max in Single Turn 5 | . 1 . 3 . . . 2 1 1 . 4 . . . 1 4 . . . 1 . . 5 . 1 . . 4 1 1 . . 1 Garrison Access 14 | . . . . . . . . 1 . . 4 . . . . 3 . . . . . . 3 . . . . 2 . . . . 1 Machines Sabotaged . | . . . . . . . . . . . . . . . . . . . . . . . . . . . . . . . . . . Garrisons Compromised . | . . . . . . . . . . . . . . . . . . . . . . . . . . . . . . . . . . Overloaded Fab Kills . | . . . . . . . . . . . . . . . . . . . . . . . . . . . . . . . . . . Hacking | -11 -10 -10 -9 -9 -9 -8 -8 -8 -7 -7 -7 -7 -7 -7 -6 -6 -6 -6 -6 -5 -5 -5 -5 -5 -5 -5 -4 -4 -4 -4 -4 -3 -3 --------- Run | Scr Mat Min Mat Min Exi Min Mat Sto Fac Was Fac Low Low Zio Pro Fac Low Low Dat Pro Fac Was Fac Upp Upp War Pro Fac Upp Upp Zhi Pro Res Machines Accessed 199 | . 10 1 14 . 2 . 15 11 2 . 33 3 3 . . 24 . . 4 . 2 . 18 . 1 3 . 33 . 2 4 . 14 Terminals 101 | . 7 1 11 . . . 11 8 1 . 17 . . . . 12 . . . . 1 . 8 . . . . 18 . . . . 6 Fabricators 22 | . . . . . . . . . . . 6 . . . . 5 . . . . . . 2 . . . . 6 . . . . 3 Repair Stations 8 | . 1 . . . . . 1 1 1 . . . . . . . . . . . . . 2 . . . . 2 . . . . . Recycling Units 29 | . 2 . 2 . . . 2 2 . . 5 . . . . 3 . . . . 1 . 3 . . . . 5 . . . . 4 Scanalyzers 5 | . . . 1 . . . 1 . . . 1 . . . . 1 . . . . . . 1 . . . . . . . . . . Garrison Access 12 | . . . . . . . . . . . 4 . . . . 3 . . . . . . 2 . . . . 2 . . . . 1 Total Hacks 664 | . 26 3 44 . 2 . 56 37 8 . 93 5 7 . . 79 . . 30 . 7 . 67 . 1 7 . 132 . 2 16 . 42 Successful 403 | . 12 . 22 . 2 . 33 30 5 . 48 5 7 . . 53 . . 30 . 4 . 28 . 1 7 . 83 . 2 16 . 15 Failed 257 | . 13 3 21 . . . 22 7 3 . 44 . . . . 26 . . . . 3 . 39 . . . . 49 . . . . 27 Catastrophic 42 | . 2 1 3 . . . 2 1 1 . 10 . . . . 2 . . . . 1 . 2 . . . . 11 . . . . 6 Database Lockouts 4 | . 1 . 1 . . . 1 . . . 1 . . . . . . . . . . . . . . . . . . . . . . Manual 276 | . 17 3 13 . 1 . 25 17 3 . 39 . . . . 29 . . . 3 5 . 36 . . 1 . 64 . . . . 20 Terminals 377 | . 19 3 35 . . . 41 24 3 . 53 . . . . 48 . . . . 3 . 42 . . . . 85 . . . . 21 Fabricators 59 | . . . . . . . . . . . 16 . . . . 12 . . . . . . 7 . . . . 16 . . . . 8 Repair Stations 30 | . 2 . . . . . 10 4 5 . . . . . . . . . . . . . 3 . . . . 6 . . . . . Recycling Units 89 | . 5 . 5 . . . 3 9 . . 16 . . . . 10 . . . . 4 . 8 . . . . 19 . . . . 10 Scanalyzers 16 | . . . 4 . . . 2 . . . 2 . . . . 4 . . . . . . 4 . . . . . . . . . . Garrison Access 23 | . . . . . . . . . . . 6 . . . . 5 . . . . . . 3 . . . . 6 . . . . 3 Terminal Hacks 198 | . 6 . 15 . 2 . 18 18 1 . 14 5 7 . . 18 . . 30 . . . 10 . 1 7 . 23 . 2 16 . 5 Record 34 | . . . . . 1 . 2 . . . . 3 5 . . . . . 11 . . . . . . 6 . . . 1 5 . . Part Schematic 25 | . . . . . . . 3 1 . . 3 . . . . 2 . . 10 . . . 1 . . . . 2 . . 3 . . Robot Schematic 6 | . . . . . . . . . . . . . . . . . . . 6 . . . . . . . . . . . . . . Robot Analysis 26 | . 5 . 4 . . . 7 . 1 . . . . . . . . . . . . . 2 . . . . 3 . . 4 . . Prototype ID Bank 18 | . 1 . 2 . . . 3 1 . . 1 . . . . 2 . . 3 . . . . . . . . 1 . . 4 . . Open Door 11 | . . . . . . . . 4 . . . 2 2 . . . . . . . . . . . 1 1 . . . 1 . . . Branch Access Points 7 | . . . 1 . . . 1 . . . 1 . . . . 1 . . . . . . 1 . . . . 1 . . . . 1 Emergency Access Points 2 | . . . . . . . . 1 . . . . . . . . . . . . . . . . . . . 1 . . . . . Machine Index 2 | . . . . . . . . . . . . . . . . . . . . . . . . . . . . 1 . . . . 1 Terminal Index 2 | . . . . . . . . . . . 1 . . . . 1 . . . . . . . . . . . . . . . . . Fabricator Index 1 | . . . . . . . . 1 . . . . . . . . . . . . . . . . . . . . . . . . . Recycling Unit Index 1 | . . . . . . . . . . . . . . . . 1 . . . . . . . . . . . . . . . . . Scanalyzer Index 1 | . . . . . . . . . . . . . . . . . . . . . . . 1 . . . . . . . . . . Alert Level 4 | . . . . . . . . 1 . . . . . . . . . . . . . . 1 . . . . 2 . . . . . Unreport Threat 18 | . . . 4 . . . 2 . . . 2 . . . . 1 . . . . . . 3 . . . . 3 . . . . 3 Locate Traps 9 | . . . . . . . . . . . 3 . . . . 4 . . . . . . . . . . . 2 . . . . . Disarm Traps 1 | . . . 1 . . . . . . . . . . . . . . . . . . . . . . . . . . . . . . Maintenance Status 2 | . . . . . . . . 1 . . . . . . . 1 . . . . . . . . . . . . . . . . . Patrol Status 3 | . . . . . . . . 1 . . . . . . . 1 . . . . . . . . . . . 1 . . . . . Transport Status 1 | . . . . . . . . 1 . . . . . . . . . . . . . . . . . . . . . . . . . Recall Investigation 2 | . . . . . . . . 1 . . . . . . . . . . . . . . . . . . . 1 . . . . . Recall Extermination 2 | . . . . . . . . . . . . . . . . . . . . . . . . . . . . 2 . . . . . Recall Reinforcements 1 | . . . . . . . . 1 . . . . . . . . . . . . . . . . . . . . . . . . . Hauler Manifests 6 | . . . 2 . . . . 1 . . 1 . . . . 1 . . . . . . . . . . . 1 . . . . . Registered Components 2 | . . . . . . . . 1 . . . . . . . 1 . . . . . . . . . . . . . . . . . Zone Layout 10 | . . . 1 . . . . 2 . . 2 . . . . 2 . . . . . . 1 . . . . 2 . . . . . EX-Prototype ID Bank 1 | . . . . . 1 . . . . . . . . . . . . . . . . . . . . . . . . . . . . Fabricator Hacks 42 | . . . . . . . . . . . 13 . . . . 10 . . . . . . 3 . . . . 14 . . . . 2 Network Status 4 | . . . . . . . . . . . 1 . . . . 1 . . . . . . 1 . . . . 1 . . . . . Load Schematic 20 | . . . . . . . . . . . 6 . . . . 5 . . . . . . 1 . . . . 7 . . . . 1 Build 18 | . . . . . . . . . . . 6 . . . . 4 . . . . . . 1 . . . . 6 . . . . 1 Repair Station Hacks 26 | . 2 . . . . . 8 4 4 . . . . . . . . . . . . . 2 . . . . 6 . . . . . Scan Component 13 | . 1 . . . . . 4 2 2 . . . . . . . . . . . . . 1 . . . . 3 . . . . . Repair 13 | . 1 . . . . . 4 2 2 . . . . . . . . . . . . . 1 . . . . 3 . . . . . Recycling Unit Hacks 20 | . 2 . 1 . . . 2 2 . . 2 . . . . 3 . . . . . . 1 . . . . 6 . . . . 1 Retrieve Components 20 | . 2 . 1 . . . 2 2 . . 2 . . . . 3 . . . . . . 1 . . . . 6 . . . . 1 Scanalyzer 11 | . . . 2 . . . 2 . . . 2 . . . . 4 . . . . . . 1 . . . . . . . . . . Insert Component 5 | . . . 1 . . . 1 . . . 1 . . . . 1 . . . . . . 1 . . . . . . . . . . Analyze 6 | . . . 1 . . . 1 . . . 1 . . . . 3 . . . . . . . . . . . . . . . . . Garrison Access Hacks 12 | . . . . . . . . . . . 4 . . . . 3 . . . . . . 2 . . . . 2 . . . . 1 Seal Access 12 | . . . . . . . . . . . 4 . . . . 3 . . . . . . 2 . . . . 2 . . . . 1 Unauthorized Hacks 93 | . 2 . 4 . . . 3 5 . . 13 . . . . 15 . . . . 4 . 9 . . . . 32 . . . . 6 Terminals 53 | . 2 . 2 . . . 2 1 . . 6 . . . . 10 . . . . 1 . 6 . . . . 21 . . . . 2 Track 5 | . . . . . . . . . . . 1 . . . . 2 . . . . . . 1 . . . . 1 . . . . . Assimilate 9 | . . . . . . . . . . . 1 . . . . 1 . . . . . . 1 . . . . 6 . . . . . Botnet 36 | . 2 . 2 . . . 2 1 . . 4 . . . . 6 . . . . 1 . 3 . . . . 13 . . . . 2 Operators 3 | . . . . . . . . . . . . . . . . 1 . . . . . . 1 . . . . 1 . . . . . Fabricators . | . . . . . . . . . . . . . . . . . . . . . . . . . . . . . . . . . . Repair Stations . | . . . . . . . . . . . . . . . . . . . . . . . . . . . . . . . . . . Recycling Units 40 | . . . 2 . . . 1 4 . . 7 . . . . 5 . . . . 3 . 3 . . . . 11 . . . . 4 Reject 14 | . . . 1 . . . . 2 . . 2 . . . . 2 . . . . 1 . . . . . . 5 . . . . 1 Recyclers 4 | . . . . . . . . . . . 1 . . . . 1 . . . . 1 . . . . . . 1 . . . . . Mask 22 | . . . 1 . . . 1 2 . . 4 . . . . 2 . . . . 1 . 3 . . . . 5 . . . . 3 Scanalyzers . | . . . . . . . . . . . . . . . . . . . . . . . . . . . . . . . . . . Garrison Access . | . . . . . . . . . . . . . . . . . . . . . . . . . . . . . . . . . . Data Cores Recovered 1 | . . . . . . . 1 . . . . . . . . . . . . . . . . . . . . . . . . . . Used 1 | . . . . . . . 1 . . . . . . . . . . . . . . . . . . . . . . . . . . Hacking Detections 145 | . 8 1 14 . . . 12 9 2 . 30 . . . . 17 . . . . 2 . 15 . . . . 23 . . . . 12 Full Trace Events 53 | . 3 1 7 . . . 4 2 1 . 13 . . . . 5 . . . . 1 . 1 . . . . 10 . . . . 5 Feedback Events 3 | . . . . . . . . . . . 1 . . . . . . . . . . . . . . . . 2 . . . . . Corruption 3 | . . . . . . . . . . . 1 . . . . . . . . . . . . . . . . 2 . . . . . Feedback Blocked 2 | . . . . . . . . . . . 2 . . . . . . . . . . . . . . . . . . . . . . Robot Schematics Acquired 10 | . . . . . . . . . . . . . . 4 . . . . 6 . . . . . . . . . . . . . . Robots Built . | . . . . . . . . . . . . . . . . . . . . . . . . . . . . . . . . . . Authchips . | . . . . . . . . . . . . . . . . . . . . . . . . . . . . . . . . . . Time . | . . . . . . . . . . . . . . . . . . . . . . . . . . . . . . . . . . Total Robot Build Rating . | . . . . . . . . . . . . . . . . . . . . . . . . . . . . . . . . . . Part Schematics Acquired 43 | . . . 1 . . . 4 1 . . 4 . . 14 . 3 . . 10 . . . 1 . . . . 2 . . 3 . . Parts Built 19 | . . . . . . . . . . . 6 . . . . 5 . . . . . . 1 . . . . 6 . . . . 1 Authchips . | . . . . . . . . . . . . . . . . . . . . . . . . . . . . . . . . . . Time 1234 | . . . . . . . . . . . 374 . . . . 199 . . . . . . 47 . . . . 561 . . . . 53 Total Part Build Rating 97 | . . . . . . . . . . . 22 . . . . 29 . . . . . . 5 . . . . 35 . . . . 6 Parts Repaired 13 | . 1 . . . . . 4 2 2 . . . . . . . . . . . . . 1 . . . . 3 . . . . . Time 492 | . 26 . . . . . 172 70 76 . . . . . . . . . . . . . 50 . . . . 98 . . . . . Parts Recycled . | . . . . . . . . . . . . . . . . . . . . . . . . . . . . . . . . . . Recycled Matter . | . . . . . . . . . . . . . . . . . . . . . . . . . . . . . . . . . . Retrieved Matter . | . . . . . . . . . . . . . . . . . . . . . . . . . . . . . . . . . . Retrieved Components 82 | . 14 . 9 . . . 14 11 . . 10 . . . . 8 . . . . . . 10 . . . . 4 . . . . 2 Parts Scanalyzed 5 | . . . 1 . . . 1 . . . 1 . . . . 1 . . . . . . 1 . . . . . . . . . . Part Schematics Acquired 4 | . . . 1 . . . 1 . . . 1 . . . . 1 . . . . . . . . . . . . . . . . . Parts Damaged . | . . . . . . . . . . . . . . . . . . . . . . . . . . . . . . . . . . Bothacking | -11 -10 -10 -9 -9 -9 -8 -8 -8 -7 -7 -7 -7 -7 -7 -6 -6 -6 -6 -6 -5 -5 -5 -5 -5 -5 -5 -4 -4 -4 -4 -4 -3 -3 ------------ Run | Scr Mat Min Mat Min Exi Min Mat Sto Fac Was Fac Low Low Zio Pro Fac Low Low Dat Pro Fac Was Fac Upp Upp War Pro Fac Upp Upp Zhi Pro Res Used RIF Installer . | . . . . . . . . . . . . . . . . . . . . . . . . . . . . . . . . . . Robots Hacked . | . . . . . . . . . . . . . . . . . . . . . . . . . . . . . . . . . . Non-combat . | . . . . . . . . . . . . . . . . . . . . . . . . . . . . . . . . . . Combat . | . . . . . . . . . . . . . . . . . . . . . . . . . . . . . . . . . . Robot Hacks Applied . | . . . . . . . . . . . . . . . . . . . . . . . . . . . . . . . . . . Relay Couplers Released 20 | . . . . . . . . 2 . . 4 . . . . 4 . . . . . . 6 . . . . 1 . . . . 3 Machine Destruction 6 | . . . . . . . . 2 . . . . . . . 1 . . . . . . 2 . . . . 1 . . . . . Programmers 14 | . . . . . . . . . . . 4 . . . . 3 . . . . . . 4 . . . . . . . . . 3 Fabnet Peak Effective % . | . . . . . . . . . . . . . . . . . . . . . . . . . . . . . . . . . . Robots Rewired 16 | . . . . . . . . . . . . 2 2 . 2 . . . . . . . . 2 2 4 . . 2 . . . . Allies Hacked 8 | . . . . . . . . . . . 1 . . . . . . . . . . . 3 . . 3 . 1 . . . . . Hacks Repelled 1 | . . . . . . . . . . . . . . . . . . . . . . . . . . . . 1 . . . . . Allies | -11 -10 -10 -9 -9 -9 -8 -8 -8 -7 -7 -7 -7 -7 -7 -6 -6 -6 -6 -6 -5 -5 -5 -5 -5 -5 -5 -4 -4 -4 -4 -4 -3 -3 -------- Run | Scr Mat Min Mat Min Exi Min Mat Sto Fac Was Fac Low Low Zio Pro Fac Low Low Dat Pro Fac Was Fac Upp Upp War Pro Fac Upp Upp Zhi Pro Res Total Allies 71 | . . 4 . . . . . . . 19 1 4 2 . 2 1 . . . 3 . 20 1 2 2 4 . 4 2 . . . . Largest Group 20 | . . 3 3 . . . . . . 19 19 2 2 2 2 2 . . . 3 . 20 20 2 2 6 1 1 2 . . . . Highest-Rated Group 750 | . . 40 40 . . . . . . 475 475 50 45 45 61 56 . . . 288 . 750 749 78 59 271 65 26 77 . . . . Highest-Rated Ally 96 | . . 31 16 . . . . . . 35 35 25 32 32 32 32 . . . 96 . 50 50 49 30 65 65 26 47 . . . . Total Orders 16 | . . . . . . . . . . . . . . . . . . . . . . . 8 . . . . 2 6 . . . . STAY 1 | . . . . . . . . . . . . . . . . . . . . . . . . . . . . 1 . . . . . FOLLOW 1 | . . . . . . . . . . . . . . . . . . . . . . . . . . . . 1 . . . . . EXPLORE 12 | . . . . . . . . . . . . . . . . . . . . . . . 7 . . . . . 5 . . . . RETURN 2 | . . . . . . . . . . . . . . . . . . . . . . . 1 . . . . . 1 . . . . Ally Attacks 482 | . . 6 24 . . . . . . . 156 5 25 . 21 10 . . . 83 . 7 76 10 10 44 . . 5 . . . . Total Damage 11646 | . . 62 253 . . . . . . . 3346 132 406 . 364 255 . . . 2967 . 247 1591 132 170 1571 . . 150 . . . . Kills 90 | . . 2 5 . . . . . . . 27 1 3 . 3 3 . . . 15 . 1 14 5 2 8 . . 1 . . . . Allies Corrupted 6 | . . . . . . . . . . . 1 . . . . . . . . . . . 3 . . 1 . 1 . . . . . Allies Melted . | . . . . . . . . . . . . . . . . . . . . . . . . . . . . . . . . . . Intel | -11 -10 -10 -9 -9 -9 -8 -8 -8 -7 -7 -7 -7 -7 -7 -6 -6 -6 -6 -6 -5 -5 -5 -5 -5 -5 -5 -4 -4 -4 -4 -4 -3 -3 ------- Run | Scr Mat Min Mat Min Exi Min Mat Sto Fac Was Fac Low Low Zio Pro Fac Low Low Dat Pro Fac Was Fac Upp Upp War Pro Fac Upp Upp Zhi Pro Res Robot Analysis Total 26 | . 5 . 4 . . . 7 . 1 . . . . . . . . . . . . . 2 . . . . 3 . . 4 . . Derelict Logs Recovered 19 | . . 3 . 2 . . . . . . . 1 . . 2 . 1 . . 2 . . . 2 . . 3 . 1 2 . . . Drone Launches 42 | . . . . . . . . . . . . . . . . . . . . . . . 36 . . . . . 6 . . . . Drone Recoveries 22 | . . . . . . . . . . . . . . . . . . . . . . . 18 . . . . . 4 . . . . Decoded 0b10 Intel 38 | . . . . . . . . . . . . . . . . 38 . . . . . . . . . . . . . . . . . Items 38 | . . . . . . . . . . . . . . . . 38 . . . . . . . . . . . . . . . . . Exploration | -11 -10 -10 -9 -9 -9 -8 -8 -8 -7 -7 -7 -7 -7 -7 -6 -6 -6 -6 -6 -5 -5 -5 -5 -5 -5 -5 -4 -4 -4 -4 -4 -3 -3 ------------- Run | Scr Mat Min Mat Min Exi Min Mat Sto Fac Was Fac Low Low Zio Pro Fac Low Low Dat Pro Fac Was Fac Upp Upp War Pro Fac Upp Upp Zhi Pro Res Turns Passed 73578 | 75 1583 1024 5750 1553 857 1047 3823 4904 460 765 7788 1789 1701 2044 3408 2571 1056 235 230 1459 398 286 3800 2285 1800 1746 1166 8256 1903 1752 346 1675 4043 Spaces Moved 46286 | 18 758 597 1856 560 355 582 1471 1374 137 434 6602 1039 758 919 1405 3130 419 96 94 571 389 250 4036 1007 756 688 584 9201 850 954 180 870 3346 Core 81 | . 1 . . . . . . . . . . . . . . 80 . . . . . . . . . . . . . . . . . Treads 11726 | . 599 597 1856 560 355 582 371 1232 . . 3 . . . . 175 419 96 94 571 80 109 839 1007 756 688 584 64 . . . . 89 Legs 176 | 18 158 . . . . . . . . . . . . . . . . . . . . . . . . . . . . . . . . Wheels 11237 | . . . . . . . 1100 142 137 434 823 1039 758 919 1405 408 . . . . . . . . . . . 464 850 954 180 870 754 Hover . | . . . . . . . . . . . . . . . . . . . . . . . . . . . . . . . . . . Flight 23066 | . . . . . . . . . . . 5776 . . . . 2467 . . . . 309 141 3197 . . . . 8673 . . . . 2503 Fastest Speed 18 | 120 120 160 160 160 240 160 115 145 145 160 29 160 160 220 153 18 243 243 243 240 32 32 28 163 163 163 165 28 170 170 150 170 32 Average Speed 109 | 120 160 160 207 224 240 160 147 227 156 160 45 160 207 220 215 56 243 243 243 240 75 89 67 192 212 194 165 36 170 170 169 170 67 Slowest Speed 500 | 120 500 160 240 240 240 160 240 237 160 220 410 160 220 220 235 243 243 243 243 243 243 165 243 243 243 247 165 242 170 170 190 190 250 Overloaded Moves 13 | . . . . . . . . . . . . . . . . 13 . . . . . . . . . . . . . . . . . Propulsion Burnouts . | . . . . . . . . . . . . . . . . . . . . . . . . . . . . . . . . . . Robots Hopped 131 | . . . . . . . . . . . 52 . . . . 29 . . . . . . 16 . . . . 21 . . . . 13 Cave-ins Triggered 3 | . . . . . . . . . . . . 1 . . . 1 . . . . . . . . . . . . . . . . 1 Exploration Rate (%) 78 | 3 99 101 99 99 78 99 99 95 4 96 90 97 99 85 98 66 59 16 70 72 11 89 68 98 93 93 68 89 98 98 61 96 66 Regions Visited 33 Branch Regions 21 Pre-discovered Areas 14 | . . 2 . 2 1 . . 1 . . . . . 2 . . . . 1 . . . . 1 . . 1 . . . 3 . . Known Exits Taken 8 | . . . 1 . . . 1 . . . 1 . . . . 1 . . . . . . 1 . . . 1 1 . . . 1 . Unknown Exits Taken 21 | 1 1 1 . 1 1 1 . 1 . . . 1 1 1 1 . 1 1 1 1 . . . 1 1 1 . . 1 1 1 . . Scrap Searched 42 | . . 1 . 2 . 2 . . . . . 4 4 4 5 . 3 . . . . . . 4 2 . 2 . 2 5 . 2 . Spaces Dug 815 | . . . . . . . 9 17 . . 64 41 . . 16 41 3 . . 1 3 . 88 37 18 12 . 201 31 4 . 75 154 Terrain Destroyed 5225 | 6 7 7 328 58 . 113 210 287 1 116 448 108 126 . 93 288 4 1 . 43 6 . 406 78 50 145 6 913 110 109 . 141 1017 Melee 344 | . . . . . . . . 2 . . 57 . . . . 32 3 . . 1 3 . 59 . . . . 157 . . . . 30 Projectile 651 | . . . 17 . . 1 12 10 1 . 28 4 17 . 10 23 1 1 . 2 3 . 72 22 10 19 6 143 56 12 . 11 170 AOE 4230 | 6 7 7 311 58 . 112 198 275 . 116 363 104 109 . 83 233 . . . 40 . . 275 56 40 126 . 613 54 97 . 130 817 Terrain Rammed . | . . . . . . . . . . . . . . . . . . . . . . . . . . . . . . . . . . Walls Destroyed . | . . . . . . . . . . . . . . . . . . . . . . . . . . . . . . . . . . Machines Disabled . | . . . . . . . . . . . . . . . . . . . . . . . . . . . . . . . . . . Actions | -11 -10 -10 -9 -9 -9 -8 -8 -8 -7 -7 -7 -7 -7 -7 -6 -6 -6 -6 -6 -5 -5 -5 -5 -5 -5 -5 -4 -4 -4 -4 -4 -3 -3 --------- Run | Scr Mat Min Mat Min Exi Min Mat Sto Fac Was Fac Low Low Zio Pro Fac Low Low Dat Pro Fac Was Fac Upp Upp War Pro Fac Upp Upp Zhi Pro Res Total 64551 | 53 1008 639 3230 818 363 637 2733 2805 333 476 10859 1114 837 941 1721 3675 440 98 97 636 465 314 4819 1277 903 950 768 13432 1237 1051 216 1049 4557 Wait 12424 | 26 130 20 929 230 . 6 851 1047 122 . 3558 7 5 8 223 263 1 . . 38 10 39 305 155 43 36 142 3198 280 42 . 150 560 Move 46005 | 17 757 596 1855 559 354 581 1470 1373 137 433 6501 1038 757 918 1404 3075 418 95 93 570 389 249 4005 1006 755 687 583 9158 849 953 179 869 3322 Hop 117 | . . . . . . . . . . . 48 . . . . 24 . . . . . . 14 . . . . 21 . . . . 10 Pick Up 631 | . 22 3 23 . 2 3 46 39 7 5 116 2 1 6 10 44 5 . . 2 5 4 67 6 9 15 2 134 2 3 3 . 45 Fast Attach 349 | 1 8 . 6 . . 1 19 19 1 6 23 . 2 2 5 43 . . 2 1 10 7 52 2 9 11 3 48 1 4 11 4 48 Attach 261 | . 4 . 2 1 1 2 16 7 2 . 28 1 5 1 7 15 3 . . 2 9 3 30 3 7 8 3 37 . 3 1 1 59 Detach 124 | . . . 1 . . . 3 . 1 . 16 . 2 . 1 9 1 . . . 4 4 24 . 2 3 1 23 . 2 3 1 23 Swap 616 | . 7 2 48 8 1 6 54 73 9 2 96 4 8 . 8 20 2 1 . 8 4 2 24 15 4 16 14 95 22 4 2 6 51 Drop 746 | . 14 3 29 . 5 3 47 52 3 11 129 2 2 5 11 46 . 1 2 3 17 6 79 6 10 19 4 152 4 8 13 4 56 Fire 2422 | 9 66 14 329 20 . 35 226 186 51 19 259 34 29 . 29 73 . . . 9 9 . 94 44 25 108 16 356 63 31 . 14 274 Melee 590 | . . . . . . . . 7 . . 85 . . 1 11 55 10 1 . 3 8 . 120 . . . . 210 . 1 4 . 74 Ram 1 | . . . . . . . 1 . . . . . . . . . . . . . . . . . . . . . . . . . . Kick . | . . . . . . . . . . . . . . . . . . . . . . . . . . . . . . . . . . Crush 18 | . . 1 8 . . . . 2 . . . . . . . 7 . . . . . . . . . . . . . . . . . Escape Stasis 36 | . . . . . . . . . . . . . . . . 1 . . . . . . . . . . . . . . . . 35 Rewire 206 | . . . . . . . . . . . . 26 26 . 12 . . . . . . . . 40 39 47 . . 16 . . . . Trap . | . . . . . . . . . . . . . . . . . . . . . . . . . . . . . . . . . . Miscellaneous 5 | . . . . . . . . . . . . . . . . . . . . . . . 5 . . . . . . . . . . Route ------- -11/Scrapyard -10/Materials (discovered 5 exits: *Mat x3 / *Min x2) -10/Mines (discovered 2 exits: *Mat x2) -9/Materials (discovered 5 exits: *Mat x3 / *Min x2) -9/Mines (discovered 4 exits: *Mat x2 / *Exi / [*Zio]) -9/Exiles -8/Mines (discovered 2 exits: *Mat x2) -8/Materials (discovered 5 exits: *Fac x3 / *Sto x2) -8/Storage (discovered 2 exits: *Fac / [Rec]) -7/Factory -7/Waste -7/Factory (discovered 5 exits: *Fac x3 / *Low x2) -7/Lower Caves -7/Lower Caves (discovered 2 exits: *Fac / [*Zio]) -7/Zion -6/Proximity Caves -6/Factory (discovered 7 exits: *Fac x3 / *Low x2 / *Ext x2) -6/Lower Caves -6/Lower Caves -6/Data Miner -5/Proximity Caves -5/Factory (discovered 2 exits: Upp x2) -5/Waste -5/Factory (discovered 4 exits: *Fac x2 / *Upp x2) -5/Upper Caves -5/Upper Caves (discovered 2 exits: *Fac / *War) -5/Warlord -4/Proximity Caves -4/Factory (discovered 6 exits: *Res x4 / *Upp x2) -4/Upper Caves -4/Upper Caves (discovered 2 exits: *Res / *Zhi) -4/Zhirov -3/Proximity Caves -3/Research (discovered 4 exits: [*Res] / *Arm / *Qua x2) History --------- Turn | Location | Event 14 | -11/Scrapyard | Discovered new exit (range 3) 76 | -11/Scrapyard | Entered Materials 315 | -10/Materials | Build established: Mutant 376 | -10/Materials | Discovered new exit (range 12) 617 | -10/Materials | Discovered new exit (range 16) 987 | -10/Materials | Discovered new exit (range 16) 1128 | -10/Materials | Discovered new exit (range 4) 1405 | -10/Materials | Discovered new exit (range 4) 1421 | -10/Materials | Central database locked down 1460 | -10/Materials | Repaired Core Shielding 1659 | -10/Materials | Entered Mines 1661 | -10/Mines | Discovered new exit (range 14) 1677 | -10/Mines | Received a Mining Laser from a helpful Derelict 2072 | -10/Mines | Learned location of Mines (-8) 2085 | -10/Mines | Discovered new exit (range 5) 2170 | -10/Mines | Learned location of Storage (-8) 2463 | -10/Mines | Received a Rocket Launcher from a helpful Derelict 2464 | -10/Mines | Learned Materials trap positions 2569 | -10/Mines | Assisted by bots powering up and referring to "LRC-V3" 2683 | -10/Mines | Entered Materials 2683 | -9/Materials | Accompanied by 3 allies 2683 | -9/Materials | Evolved 2 slots: Propulsion x1, Utility x1 2684 | -9/Materials | Loaded intel: 23 trap records 2873 | -9/Materials | Discovered new exit (range 7) 3032 | -9/Materials | Discovered new exit (range 5) 3236 | -9/Materials | Central database locked down 4155 | -9/Materials | Discovered new exit (range 15) 4506 | -9/Materials | Identified exit to Mines 4830 | -9/Materials | Discovered new exit (range 15) 7483 | -9/Materials | First assault squad dispatched 8321 | -9/Materials | High security lockdown imminent 8331 | -9/Materials | Sterilization system engaged 8331 | -9/Materials | Non-combat units ordered to evacuate 8362 | -9/Materials | Destroyed 20 combat bots 8431 | -9/Materials | Combat units ordered to evacuate 8433 | -9/Materials | Entered Mines 8434 | -9/Mines | Assembled infested the area 8434 | -9/Mines | A Derelict revealed a hidden shortcut to a safe place 8449 | -9/Mines | Met a Derelict bent on vengeance 8827 | -9/Mines | Found a hidden stash of uninstalled traps 8948 | -9/Mines | Learned location of Zion (-7) 9457 | -9/Mines | Discovered new exit (range 13) 9670 | -9/Mines | Discovered new exit (range 8) 9974 | -9/Mines | Deemed a non-threat by the Exiles lab entrance 9977 | -9/Mines | Discovered new exit (range 5) 9986 | -9/Mines | Entered Exiles 10044 | -9/Exiles | Met 8R-AWN 10087 | -9/Exiles | Met EX-HEX 10159 | -9/Exiles | Met EX-BIN 10186 | -9/Exiles | Aligned with FarCom system 10188 | -9/Exiles | Given EX-Vault access code 10248 | -9/Exiles | Opened EX-Vault 10265 | -9/Exiles | Found Firepult 10313 | -9/Exiles | Warned to stay clear of 0b10 Research branches 10490 | -9/Exiles | Met EX-DEC 10544 | -9/Exiles | Visited The Gauntlet 10823 | -9/Exiles | Discovered new exit (range 10) 10843 | -9/Exiles | Left Exiles lab with Firepult 10843 | -9/Exiles | Entered Mines 11231 | -8/Mines | Core integrity fell below 50% 11299 | -8/Mines | Discovered new exit (range 13) 11652 | -8/Mines | Discovered new exit (range 9) 11890 | -8/Mines | Entered Materials 11890 | -8/Materials | Evolved 2 slots: Propulsion x1, Utility x1 12588 | -8/Materials | Discovered new exit (range 10) 12595 | -8/Materials | Lost 8 parts (3n3u2w) 12985 | -8/Materials | Discovered new exit (range 4) 13058 | -8/Materials | Discovered new exit (range 8) 13143 | -8/Materials | Repaired Adv. Treads 13232 | -8/Materials | Repaired Adv. Beam Cannon 13284 | -8/Materials | Repaired Hvy. Ion Engine 13318 | -8/Materials | Repaired Rocket Launcher 13702 | -8/Materials | Discovered new exit (range 5) 13972 | -8/Materials | Discovered new exit (range 16) 14090 | -8/Materials | Central database locked down 14329 | -8/Materials | Identified exit to Storage 14348 | -8/Materials | Garrison activated, responded to threat 15090 | -8/Materials | First assault squad dispatched 15303 | -8/Materials | Sterilization system engaged 15303 | -8/Materials | Non-combat units ordered to evacuate 15403 | -8/Materials | Combat units ordered to evacuate 15603 | -8/Materials | Ambient heat levels rising (+10) 15713 | -8/Materials | Entered Storage 15885 | -8/Storage | Destroyed 7 combat bots 16232 | -8/Storage | Repaired Cooling System 16271 | -8/Storage | Repaired Ion Cannon 16453 | -8/Storage | Discovered new exit (range 14) 16513 | -8/Storage | First assault squad dispatched 16656 | -8/Storage | Destroyed 10 combat bots 17786 | -8/Storage | Garrison activated, responded to threat 17828 | -8/Storage | Discovered new exit (range 15) 19430 | -8/Storage | High security lockdown imminent 19458 | -8/Storage | Destroyed 9 combat bots 19510 | -8/Storage | High security lockdown engaged 19605 | -8/Storage | Destroyed 10 combat bots 19660 | -8/Storage | Sterilization system engaged 19660 | -8/Storage | Non-combat units ordered to evacuate 19699 | -8/Storage | Destroyed 18 combat bots 19760 | -8/Storage | Combat units ordered to evacuate 19777 | -8/Storage | Destroyed 9 combat bots 19960 | -8/Storage | Ambient heat levels rising (+10) 20110 | -8/Storage | Ambient heat levels rising (+10) 20134 | -8/Storage | Learned location of Armory (-3) 20260 | -8/Storage | Ambient heat levels rising (+10) 20410 | -8/Storage | Ambient heat levels rising (+10) 20560 | -8/Storage | Ambient heat levels rising (+10) 20617 | -8/Storage | Entered Factory 20617 | -7/Factory | Evolved 2 slots: Utility x2 20661 | -7/Factory | Build established: Hauler-Mutant 20971 | -7/Factory | Repaired Adv. Treads 21010 | -7/Factory | Repaired Adv. Treads 21017 | -7/Factory | First assault squad dispatched 21077 | -7/Factory | Sucked down chute 21077 | -7/Factory | Entered Waste 21090 | -7/Waste | Spotted C-40 Crusher 21109 | -7/Waste | Destroyed C-40 Crusher 21183 | -7/Waste | Spotted C-40 Crusher 21190 | -7/Waste | Destroyed C-40 Crusher 21190 | -7/Waste | Spotted C-40 Crusher 21213 | -7/Waste | Crushed by Compactor (0 parts destroyed, 1 dropped) 21219 | -7/Waste | Destroyed C-40 Crusher 21243 | -7/Waste | Spotted C-40 Crusher 21250 | -7/Waste | Spotted C-40 Crusher 21256 | -7/Waste | Spotted C-40 Crusher 21256 | -7/Waste | Destroyed C-40 Crusher 21264 | -7/Waste | Destroyed C-40 Crusher 21264 | -7/Waste | Destroyed C-40 Crusher 21313 | -7/Waste | Warlord forces began an assault 21568 | -7/Waste | Discovered new exit (range 16) 21842 | -7/Waste | Entered Factory 21842 | -7/Factory | Accompanied by 19 allies 22421 | -7/Factory | Discovered new exit (range 5) 22496 | -7/Factory | Discovered new exit (range 8) 22642 | -7/Factory | First assault squad dispatched 22664 | -7/Factory | Identified exit to Lower Caves 22689 | -7/Factory | Build established: Sprinter 23257 | -7/Factory | Discovered new exit (range 15) 23287 | -7/Factory | Build established: Hacker-Sprinter 23533 | -7/Factory | Discovered new exit (range 8) 23698 | -7/Factory | Fabricated Cargo Storage Unit? 23706 | -7/Factory | Fabricated Lrn. Missile Launcher? 23797 | -7/Factory | Fabricated Lrn. Missile Launcher? 23815 | -7/Factory | Fabricated Humpback? 23842 | -7/Factory | Search patrols dispatched 23844 | -7/Factory | Fabricated Lrn. Missile Launcher? 23851 | -7/Factory | Fabricated Lrn. Missile Launcher? 23993 | -7/Factory | Discovered new exit (range 13) 24242 | -7/Factory | Search patrols dispatched 24642 | -7/Factory | Search patrols dispatched 24656 | -7/Factory | Central database locked down 25162 | -7/Factory | Build established: Hauler-Mutant 26879 | -7/Factory | Destroyed 8 combat bots 28431 | -7/Factory | Destroyed 9 combat bots 28501 | -7/Factory | High security lockdown imminent 28581 | -7/Factory | High security lockdown engaged 28739 | -7/Factory | Destroyed 8 combat bots 28836 | -7/Factory | Destroyed 17 combat bots 28883 | -7/Factory | Destroyed 10 combat bots 29033 | -7/Factory | Sterilization system engaged 29033 | -7/Factory | Non-combat units ordered to evacuate 29081 | -7/Factory | Destroyed 23 combat bots 29133 | -7/Factory | Combat units ordered to evacuate 29333 | -7/Factory | Ambient heat levels rising (+10) 29483 | -7/Factory | Ambient heat levels rising (+10) 29630 | -7/Factory | Entered Lower Caves 29762 | -7/Lower Caves | Crushed by falling debris 29999 | -7/Lower Caves | A Commander dispatched an escort 30015 | -7/Lower Caves | Learned Research garrison access intel 30015 | -7/Lower Caves | Learned Factory trap positions 30479 | -7/Lower Caves | Discovered new exit (range 10) 31020 | -7/Lower Caves | Attracted the attention of an 0b10 outpost 31419 | -7/Lower Caves | Entered another Lower Caves area 31419 | -7/Lower Caves | Accompanied by 2 allies 31458 | -7/Lower Caves | Discovered new exit (range 8) 31613 | -7/Lower Caves | Attracted the attention of an 0b10 outpost 32050 | -7/Lower Caves | Learned 8 Research zone layouts 32050 | -7/Lower Caves | Learned Armory trap positions 32050 | -7/Lower Caves | Learned Extension terminal intel 32411 | -7/Lower Caves | Discovered new exit (range 8) 33120 | -7/Lower Caves | Entered Zion 33120 | -7/Zion | Accompanied by 2 allies 33181 | -7/Zion | Found CR-A16's Pointy Stick 33235 | -7/Zion | System corruption cleaned by Quarantine Array 33375 | -7/Zion | Received a visual enhancement algorithm 33419 | -7/Zion | Discovered new exit (range 9) 33593 | -7/Zion | Learned location of Quarantine (-3) 33962 | -7/Zion | Rebuked by Imprinter 34187 | -7/Zion | Learned Factory repair station intel 34460 | -7/Zion | Given A8's code to call for help 34484 | -7/Zion | Learned Factory scanalyzer intel 34515 | -7/Zion | Found Prototype Special Weapon 34518 | -7/Zion | Found Prototype Special Weapon 34522 | -7/Zion | Found Prototype Special Weapon 35164 | -7/Zion | Entered Proximity Caves 35164 | -6/Proximity Caves | Accompanied by 2 allies 35183 | -6/Proximity Caves | Attracted the attention of an 0b10 checkpoint 35754 | -6/Proximity Caves | Spotted B-75 Beast 35852 | -6/Proximity Caves | Destroyed B-75 Beast 36216 | -6/Proximity Caves | Received a Behemoth hack from an annoying Tinkerer 36659 | -6/Proximity Caves | Learned Factory emergency access door positions 36918 | -6/Proximity Caves | Attracted the attention of an 0b10 outpost 36938 | -6/Proximity Caves | Identified RU-N14's Throwing Claymores (x3) 37193 | -6/Proximity Caves | Discovered new exit (range 3) 38572 | -6/Proximity Caves | Entered Factory 38572 | -6/Factory | Accompanied by 2 allies 38572 | -6/Factory | Evolved 2 slots: Propulsion x1, Utility x1 38573 | -6/Factory | Loaded intel: 85 trap records 38575 | -6/Factory | Loaded intel: 6 repair station locations 38576 | -6/Factory | Loaded intel: 4 scanalyzer locations 38615 | -6/Factory | Discovered new exit (range 8) 38785 | -6/Factory | Discovered new exit (range 6) 38934 | -6/Factory | P-60 Hacker assimilated allied Soldier 5a 38971 | -6/Factory | Discovered new exit (range 15) 39327 | -6/Factory | Cargo convoy interrupted 39336 | -6/Factory | Discovered new exit (range 15) 39336 | -6/Factory | Found Hvy. Insulated Plating 39410 | -6/Factory | Identified exit to Lower Caves 39410 | -6/Factory | Identified exit to Extension 39522 | -6/Factory | Build established: Hacker-Sprinter 39522 | -6/Factory | Spotted B-75 Beast 39557 | -6/Factory | Found Prototype Launcher 39557 | -6/Factory | Identified Scatter Rocket Array 39662 | -6/Factory | Fabricated Hvy. Reactive Plating? 39843 | -6/Factory | Fabricated Imp. Heavy Treads? 39877 | -6/Factory | Released all parts (6) 39891 | -6/Factory | Core integrity fell below 50% 39894 | -6/Factory | Garrison activated, responded to threat 39919 | -6/Factory | Crushed by falling debris 39950 | -6/Factory | Lost 11 parts (5n4u2w) 39972 | -6/Factory | First assault squad dispatched 40140 | -6/Factory | Build established: Mutant 40388 | -6/Factory | Fabricated Hvy. Reactive Plating? 40444 | -6/Factory | Fabricated Hvy. Reactive Plating? 40538 | -6/Factory | Core integrity fell below 20% 40732 | -6/Factory | Build established: Hauler-Mutant 41143 | -6/Factory | Entered Lower Caves 41233 | -6/Lower Caves | Spotted B-75 Beast 41274 | -6/Lower Caves | Revealed the true nature of CR-A16's Pointy Stick 41277 | -6/Lower Caves | Destroyed B-75 Beast 42166 | -6/Lower Caves | Encountered a Warlord checkpoint 42167 | -6/Lower Caves | Discovered new exit (range 9) 42199 | -6/Lower Caves | Entered another Lower Caves area 42207 | -6/Lower Caves | Spotted B-75 Beast 42403 | -6/Lower Caves | Discovered new exit (range 12) 42434 | -6/Lower Caves | Entered Data Miner 42435 | -6/Data Miner | Discovered new exit (range 6) 42482 | -6/Data Miner | Met Data Miner 42533 | -6/Data Miner | Learned location of Section 7 (-3) 42533 | -6/Data Miner | Acquired the access code to Warlord's prototype stash 42572 | -6/Data Miner | Received God Mode back door access code from Data Miner 42664 | -6/Data Miner | Entered Proximity Caves 42675 | -5/Proximity Caves | Acquired the password to a Derelict Tinkerer's latest research 42693 | -5/Proximity Caves | Enhanced Grunt warped into view, answering call for help 42698 | -5/Proximity Caves | Enhanced Grunt warped into view, answering call for help 42702 | -5/Proximity Caves | Escorted by Enhanced Grunt 42725 | -5/Proximity Caves | Found Prototype Special Weapon 42838 | -5/Proximity Caves | Learned 8 Factory zone layouts 42887 | -5/Proximity Caves | Spotted B-75 Beast 42902 | -5/Proximity Caves | Allies destroyed B-75 Beast 43238 | -5/Proximity Caves | Attracted the attention of an 0b10 checkpoint 43880 | -5/Proximity Caves | Learned Factory stockpile data 44096 | -5/Proximity Caves | Discovered new exit (range 10) 44123 | -5/Proximity Caves | Entered Factory 44123 | -5/Factory | Evolved 2 slots: Power x1, Weapon x1 44124 | -5/Factory | Identified exit to Upper Caves 44168 | -5/Factory | Incoming investigation squad redirected 44521 | -5/Factory | Sucked down chute 44521 | -5/Factory | Entered Waste 44522 | -5/Waste | Joined by Warlord forces that had cleared the area 44524 | -5/Waste | Found Broken Fusion Bomb Launcher 44538 | -5/Waste | Found Prototype Device 44538 | -5/Waste | Identified Adv. Particle Accelerator 44580 | -5/Waste | A Compactor rumbled back to life 44580 | -5/Waste | Allies destroyed C-40 Crusher 44702 | -5/Waste | Found Damper Plating 44723 | -5/Waste | Found Damper Plating 44737 | -5/Waste | Discovered new exit (range 13) 44807 | -5/Waste | Entered Factory 44807 | -5/Factory | Accompanied by 20 allies 44866 | -5/Factory | Build established: Scavenger-Mutant 44916 | -5/Factory | Discovered new exit (range 14) 45117 | -5/Factory | Garrison activated, responded to threat 45125 | -5/Factory | P-70 Sage assimilated allied BN-FDP(g) 45132 | -5/Factory | P-70 Sage assimilated allied P3-V0M(l) 45149 | -5/Factory | Found Prototype Processor 45149 | -5/Factory | Identified Exp. Targeting Computer 45153 | -5/Factory | Incoming assault squad redirected 45157 | -5/Factory | Found Exp. Targeting Computer 45486 | -5/Factory | Incoming investigation squad redirected 45825 | -5/Factory | Cargo convoy interrupted 45863 | -5/Factory | Build established: Mutant 45874 | -5/Factory | Discovered new exit (range 31) 46133 | -5/Factory | Spotted B-75 Beast 46222 | -5/Factory | Build established: Scout 46545 | -5/Factory | Build established: Ninja 46805 | -5/Factory | Fabricated Hvy. Reactive Plating (x1) 46884 | -5/Factory | Build established: Hacker-Sprinter 47206 | -5/Factory | Lost 5 parts (1p3n1u) 47211 | -5/Factory | System corruption reached 10% 47294 | -5/Factory | Lost 9 parts (2p4n3u) 47807 | -5/Factory | First assault squad dispatched 47842 | -5/Factory | Core integrity fell below 50% 48251 | -5/Factory | Build established: Skirmisher 48353 | -5/Factory | Repaired Lrn. Missile Launcher 48607 | -5/Factory | Entered Upper Caves 48869 | -5/Upper Caves | Build established: Scavenger-Tank 49038 | -5/Upper Caves | Learned Factory non-interactive machine intel 49164 | -5/Upper Caves | Attracted the attention of an 0b10 outpost 49220 | -5/Upper Caves | Destroyed 7 combat bots 49436 | -5/Upper Caves | Build established: Scavenger-Gunner 49821 | -5/Upper Caves | Discovered new exit (range 17) 50196 | -5/Upper Caves | Build established: Gunner 50210 | -5/Upper Caves | Spotted B-75 Beast 50330 | -5/Upper Caves | Destroyed B-75 Beast 50892 | -5/Upper Caves | Entered another Upper Caves area 50892 | -5/Upper Caves | Accompanied by 1 ally 50928 | -5/Upper Caves | Attracted the attention of an 0b10 outpost 50976 | -5/Upper Caves | System corruption reached 30% 51006 | -5/Upper Caves | Lost 6 parts (1p1n3u1w) 51008 | -5/Upper Caves | Destroyed 17 combat bots 51087 | -5/Upper Caves | Discovered new exit (range 11) 51248 | -5/Upper Caves | Build established: Tank 51936 | -5/Upper Caves | Discovered new exit (range 2) 51966 | -5/Upper Caves | Encountered a Warlord checkpoint 52419 | -5/Upper Caves | Attracted the attention of an 0b10 checkpoint 52505 | -5/Upper Caves | Build established: Gunner 52692 | -5/Upper Caves | Entered Warlord 52692 | -5/Warlord | Accompanied by 2 allies 52748 | -5/Warlord | System corruption cleaned by Quarantine Array 53222 | -5/Warlord | Build established: Commander-Mutant 53329 | -5/Warlord | Met Warlord 53344 | -5/Warlord | Warlord's base attacked by MAIN.C 53370 | -5/Warlord | Opened Warlord's prototype stash 53380 | -5/Warlord | Found Prototype Device 53380 | -5/Warlord | Identified Exp. Cloaking Device 53389 | -5/Warlord | Found Prototype Reactor 53389 | -5/Warlord | Identified Vortex Chain Reactor 53415 | -5/Warlord | Found Prototype Hackware 53694 | -5/Warlord | Warlord forces counterattacked 53699 | -5/Warlord | Learned Testing security intel 53699 | -5/Warlord | Learned Factory garrison access intel 53699 | -5/Warlord | Learned Armory recycling unit intel 53699 | -5/Warlord | Learned Research repair station intel 53699 | -5/Warlord | Learned Research scanalyzer intel 53699 | -5/Warlord | Learned Quarantine stockpile data 53959 | -5/Warlord | Spotted Executioner 53969 | -5/Warlord | Destroyed Executioner 54004 | -5/Warlord | Spotted Executioner 54009 | -5/Warlord | Spotted Executioner 54010 | -5/Warlord | P-80 Master assimilated allied Sentinel 6d 54019 | -5/Warlord | Warlord base infiltrated, sounded retreat 54022 | -5/Warlord | Allies destroyed Executioner 54026 | -5/Warlord | Destroyed Executioner 54047 | -5/Warlord | Destroyed 14 combat bots 54082 | -5/Warlord | Spotted Striker 54085 | -5/Warlord | Spotted Executioner 54095 | -5/Warlord | Destroyed Executioner 54103 | -5/Warlord | Spotted Executioner 54105 | -5/Warlord | Destroyed Striker 54122 | -5/Warlord | Core integrity fell below 20% 54144 | -5/Warlord | Destroyed Executioner 54171 | -5/Warlord | Spotted Executioner 54173 | -5/Warlord | Destroyed 20 combat bots 54200 | -5/Warlord | Destroyed Executioner 54208 | -5/Warlord | Spotted Striker 54216 | -5/Warlord | Destroyed Striker 54239 | -5/Warlord | Destroyed 19 combat bots 54246 | -5/Warlord | Spotted Striker 54252 | -5/Warlord | Spotted IG-XIV(K) 54261 | -5/Warlord | Spotted Striker 54269 | -5/Warlord | Spotted B-86 Titan 54281 | -5/Warlord | Destroyed B-86 Titan 54311 | -5/Warlord | Destroyed 10 combat bots 54344 | -5/Warlord | Spotted Executioner 54344 | -5/Warlord | Spotted Executioner 54344 | -5/Warlord | Spotted Executioner 54362 | -5/Warlord | Destroyed Executioner 54389 | -5/Warlord | Destroyed 15 combat bots 54392 | -5/Warlord | Lost 5 parts (2n2u1w) 54395 | -5/Warlord | Discovered new exit (range 16) 54438 | -5/Warlord | Entered Proximity Caves 54438 | -4/Proximity Caves | Accompanied by 1 ally 54740 | -4/Proximity Caves | Build established: Scavenger-Tank 54829 | -4/Proximity Caves | Learned Research terminal intel 54837 | -4/Proximity Caves | Identified exit to Factory 55225 | -4/Proximity Caves | Build established: Scavenger-Mutant 55299 | -4/Proximity Caves | Attracted the attention of an 0b10 checkpoint 55404 | -4/Proximity Caves | Learned location of Testing (-2) 55604 | -4/Proximity Caves | Entered Factory 55604 | -4/Factory | Evolved 2 slots: Propulsion x1, Utility x1 55605 | -4/Factory | Loaded intel: 217 non-interactive machine locations 55606 | -4/Factory | Loaded intel: 4 garrison access locations 55614 | -4/Factory | Identified Ghost Barrier 55877 | -4/Factory | Incoming investigation squad redirected 55907 | -4/Factory | Discovered new exit (range 18) 55921 | -4/Factory | Garrison activated, responded to threat 55976 | -4/Factory | Build established: Hacker-Sprinter 55992 | -4/Factory | Discovered new exit (range 6) 56002 | -4/Factory | Identified exit to Upper Caves 56177 | -4/Factory | Discovered new exit (range 22) 56309 | -4/Factory | Discovered new exit (range 4) 56445 | -4/Factory | Spotted B-86 Titan 56518 | -4/Factory | Fabricated Adv. Hacking Suite? 56959 | -4/Factory | Build established: Wizard-Sprinter 57342 | -4/Factory | Incoming investigation squad redirected 57369 | -4/Factory | Spotted B-86 Titan 57377 | -4/Factory | Incoming investigation squad redirected 57440 | -4/Factory | Fabricated Neutron Missile Launcher? 57783 | -4/Factory | Incoming investigation squad redirected 57817 | -4/Factory | Fabricated Neutron Missile Launcher? 58157 | -4/Factory | Discovered new exit (range 11) 58190 | -4/Factory | Discovered new exit (range 19) 58262 | -4/Factory | Fabricated Humpback? 58330 | -4/Factory | Incoming investigation squad redirected 58481 | -4/Factory | Build established: Hacker-Sprinter 58502 | -4/Factory | Fabricated Neutron Missile Launcher (x1) 58569 | -4/Factory | Incoming investigation squad redirected 58602 | -4/Factory | Fabricated Neutron Missile Launcher? 58682 | -4/Factory | Repaired Tri-rail Accelerator? 58950 | -4/Factory | Repaired Hvy. Treads? 59055 | -4/Factory | Repaired Corrupted Hvy. Treads? 59104 | -4/Factory | First assault squad dispatched 59673 | -4/Factory | Destroyed 8 combat bots 59768 | -4/Factory | Build established: Infiltrator-Sprinter 60376 | -4/Factory | Incoming assault squad redirected 60379 | -4/Factory | Incoming assault squad redirected 60581 | -4/Factory | Build established: Hauler-Mutant 60619 | -4/Factory | Incoming assault squad redirected 60883 | -4/Factory | Incoming assault squad redirected 61098 | -4/Factory | Destroyed 8 combat bots 61134 | -4/Factory | Incoming assault squad redirected 61648 | -4/Factory | Incoming assault squad redirected 61870 | -4/Factory | Incoming assault squad redirected 61881 | -4/Factory | Incoming assault squad redirected 62120 | -4/Factory | Incoming assault squad redirected 62349 | -4/Factory | High security lockdown imminent 62429 | -4/Factory | High security lockdown engaged 62779 | -4/Factory | Destroyed 21 combat bots 62858 | -4/Factory | Destroyed 7 combat bots 63009 | -4/Factory | Destroyed 23 combat bots 63113 | -4/Factory | Sterilization system engaged 63113 | -4/Factory | Non-combat units ordered to evacuate 63166 | -4/Factory | Destroyed 22 combat bots 63213 | -4/Factory | Combat units ordered to evacuate 63235 | -4/Factory | Destroyed 7 combat bots 63413 | -4/Factory | Ambient heat levels rising (+10) 63563 | -4/Factory | Ambient heat levels rising (+10) 63713 | -4/Factory | Ambient heat levels rising (+10) 63860 | -4/Factory | Entered Upper Caves 64090 | -4/Upper Caves | Learned location of 1 exit from Proximity Caves 64170 | -4/Upper Caves | Build established: Hauler-Tank 64649 | -4/Upper Caves | Attracted the attention of an 0b10 outpost 64888 | -4/Upper Caves | Attracted the attention of an 0b10 checkpoint 65066 | -4/Upper Caves | Spotted B-86 Titan 65753 | -4/Upper Caves | Discovered new exit (range 5) 65763 | -4/Upper Caves | Entered another Upper Caves area 65784 | -4/Upper Caves | Build established: Hauler-Mutant 65923 | -4/Upper Caves | Learned 4 Research zone layouts 66011 | -4/Upper Caves | Discovered new exit (range 9) 66394 | -4/Upper Caves | Found Alien Artifact 66735 | -4/Upper Caves | Attracted the attention of an 0b10 checkpoint 67096 | -4/Upper Caves | Build established: Hauler-Tank 67280 | -4/Upper Caves | Discovered new exit (range 13) 67282 | -4/Upper Caves | Learned 4 Research zone layouts 67515 | -4/Upper Caves | Entered Zhirov 67515 | -4/Zhirov | Discovered new exit (range 4) 67556 | -4/Zhirov | Met Zhirov 67593 | -4/Zhirov | Learned location of Command (-1) 67603 | -4/Zhirov | Zhirov requested help retrieving the SGEMP Prototype 67629 | -4/Zhirov | Found Alien Artifact 67629 | -4/Zhirov | Identified Integrated Reactor 67629 | -4/Zhirov | Installed Integrated Reactor, increased core energy generation (+10) 67656 | -4/Zhirov | Found Alien Artifact 67819 | -4/Zhirov | Build established: Hauler-Mutant 67861 | -4/Zhirov | Entered Proximity Caves 67862 | -3/Proximity Caves | Identified exit to Research 68122 | -3/Proximity Caves | Spotted B-86 Titan 68143 | -3/Proximity Caves | Destroyed B-86 Titan 68176 | -3/Proximity Caves | Build established: Hauler-Tank 69536 | -3/Proximity Caves | Entered Research 69536 | -3/Research | Evolved 2 slots: Utility x1, Weapon x1 69538 | -3/Research | Loaded intel: 21 terminal locations 69539 | -3/Research | Loaded intel: 4 repair station locations 69540 | -3/Research | Loaded intel: 6 scanalyzer locations 69541 | -3/Research | Loaded intel: 4 garrison access locations 69941 | -3/Research | Build established: Hacker-Mutant 70014 | -3/Research | Spotted B-86 Titan 70062 | -3/Research | Lost 4 parts (1p2u1w) 70067 | -3/Research | Destroyed B-86 Titan 70109 | -3/Research | Destroyed 7 combat bots 70117 | -3/Research | System corruption reached 10% 70314 | -3/Research | First assault squad dispatched 70574 | -3/Research | Found Unknown Protection 70577 | -3/Research | Found Unknown Protection 70607 | -3/Research | Identified Hvy. Reflective Plating (x2) 70615 | -3/Research | Found Hvy. Reflective Plating 70929 | -3/Research | Build established: Hauler-Mutant 71353 | -3/Research | Incoming assault squad redirected 71593 | -3/Research | Incoming investigation squad redirected 71736 | -3/Research | Identified exit to Armory 71736 | -3/Research | Identified exit to Quarantine 71763 | -3/Research | Incoming investigation squad redirected 71805 | -3/Research | Found Unknown Device 71805 | -3/Research | Identified Antimissile System 71901 | -3/Research | Discovered new exit (range 22) 71963 | -3/Research | Incoming investigation squad redirected 71964 | -3/Research | Incoming investigation squad redirected 72106 | -3/Research | Build established: Hacker-Ninja 72228 | -3/Research | Incoming investigation squad redirected 72254 | -3/Research | Fabricated Lyr. Heavy Armor Plating? 72418 | -3/Research | Build established: Hacker-Scout 72551 | -3/Research | Spotted B-86 Titan 72811 | -3/Research | Lost 4 parts (1p3u) 72905 | -3/Research | Lost 3 parts (1n1u1w) 73004 | -3/Research | High security lockdown imminent 73043 | -3/Research | Destroyed 9 combat bots 73051 | -3/Research | Lost 4 parts (3n1u) 73084 | -3/Research | High security lockdown engaged 73119 | -3/Research | System corruption reached 30% 73245 | -3/Research | Destroyed 7 combat bots 73246 | -3/Research | Lost 4 parts (1n2u1w) 73299 | -3/Research | Core integrity fell below 50% 73340 | -3/Research | Lost 5 parts (1p1n2u1w) 73344 | -3/Research | Destroyed 10 combat bots 73374 | -3/Research | Spotted Striker 73374 | -3/Research | Spotted Executioner 73378 | -3/Research | Spotted Investigator 73380 | -3/Research | Destroyed Investigator 73389 | -3/Research | Destroyed Striker 73393 | -3/Research | Destroyed Executioner 73418 | -3/Research | Lost 6 parts (1p2n1u2w) 73421 | -3/Research | Destroyed 21 combat bots 73497 | -3/Research | Crushed by falling debris 73528 | -3/Research | Lost 6 parts (1p2n3w) 73536 | -3/Research | Identified Dimensional Node Initializer 73536 | -3/Research | Initialized slip node 73536 | -3/Research | Spotted Investigator 73571 | -3/Research | Released all parts (7) 73574 | -3/Research | Core integrity fell below 20% 73579 | -3/Research | Destroyed by L-61 Swordsman with Power Sword Last Messages --------------- 73571_ Released Adv. Target Analyzer. 73571_ Released Imp. Matter Compressor. 73571_ Released Lrn. Tractor Beam. 73571_ Released Faulty Tri-rail Accelerator. 73571_ Stasis bubble strength at 134. 73572_ The unstable cave ceiling collapses. 73572_ M-36 Artificer repairs Adv. Heat Sink. 73572_ Stasis bubble strength at 128. 73573_ Stasis bubble strength at 122. 73574_ Stasis bubble strength at 116. 73575_ Stasis bubble strength at 110. 73576_ The unstable cave ceiling collapses. 73576_ Stasis bubble strength at 104. 73577_ The unstable cave ceiling collapses. 73577_ Critical hit (Burn: +18). 73577_ Stasis bubble strength at 98. 73577_ M-36 Artificer repairs L-61 Swordsman. 73578_ G-73 Enforcer overheating. 73578_ Stasis bubble strength at 92. 73579_ Stasis bubble strength at 86. Map ----- +----------------------------------------------------+ | | | | | | | ######???????????###################?????????????? | | ???????????# ! " [ #?????????????? | | ???????????# [= ##????????????? | | ???????????# " | "#????????????? | | ???????????# != ##?????##?????? | | ###+##???????????# """##+#"######### ????? | | # ?????????#####"""####### # # ??? | | ###+# ???+ ! #??# # !# """ ? | | "" # ?????????#######"# #??# # %# """ ? | | "" # ???????????????### #### # % # "S | | "" # ?????????????????# # # """ | | # ?????###?????????# # / "" | | ##?????# ###???????# # #= ? | | #???####"#"###?????# # # | | #???# =[ #?????# "# # ## ####+## | | #####%/ %[ #?????# | | ######""#| % ###??## | | =" *% " #### " | | ####"""#|%!% #### # ]! !"% = | | #??##### % #### # =#! [ | | #??????# ### ##g !# g ####!# # # # ### | | #??????#! # ###gg# # # # % # | | #??????# ! ### # #l@! # #### | | ############+###### # ]lm # ## # ## | | # # # ## = | | g # # % | | ### | | #+########## g/ ]]##### # # | | | #???????# """ # ]!#???## # | | #???????# """ # #????# # % | | #???????+ """ ?########????## # ## # " | | [#???????# ??????????????# ## # #" | | ####???????#? ???????????????### ##? | | "" ?????????? ????????????????### #? | | "" #??????? ???????????????????#### ## # # | | "" #??????? ????????????????????##?# #?##### | | "" #??????# ??""???????????????# #?###?????? | | #??????#? ???""??????????????# #??????????? | | #??????? ? ""?????????????# #???????????? | | ]#??????? ^ ? YG????????????# #????????????? | | #???????????? ""???????????# #?????????????? | | +########???????? ""#?????????# #??????????????? | | ??????? ""#??###??## #???????????????? | | ???????? ####"####"#????????????????? | | ???????? # ##????????????????? | | #######/##???????? # #?????????????????? | | = # ####+##### # #?????????????????? | +----------------------------------------------------+ Best States ------------- Heat Dissipation 115 Energy Generation 65 Energy Capacity 1000 Matter Stores 600 Matter Capacity 600 Sight Range 22 Robot Scan Range 16 Terrain Scan Range 16 Terrain Scan Density 10 ECM Strength 2 Jamming Range 16 Cloak Strength 4 Additional Mass Support 16 Corruption Containment 8 Corruption Block 15 Armor Coverage 2400 Resistance: KI 40 Resistance: TH 30 Resistance: EM 90 Core Shielding 30 Propulsion Shielding 66 Utility Shielding 66 Weapon Shielding 66 Weapon Cycling 20 Phase Shifting 5 Evasion (%) 65 Targeting Accuracy 12 Melee Accuracy 6 Target Analysis 8 Recoil Reduction 5 Matter Filtering 50 Offensive Hacking 32 Defensive Hacking 42 Item Schematics ----------------- Hrd. Medium Armor Plating | -9/Materials | Scanalyzed Humpback | -8/Materials | Scanalyzed Cargo Storage Unit | -8/Materials | Hacked Huge Storage Unit | -8/Materials | Hacked Hvy. Assault Cannon | -8/Materials | Hacked Plasma Cannon | -8/Storage | Hacked Lrn. Tractor Beam | -7/Factory | Scanalyzed Hvy. Missile Launcher | -7/Factory | Hacked Lrn. Missile Launcher | -7/Factory | Hacked Imp. Hacking Suite | -7/Factory | Hacked Spk. Medium Treads | -7/Zion | Archive Imp. Melee Analysis Suite | -7/Zion | Archive Mak. Salvage Targeting Computer | -7/Zion | Archive Arm. Leg | -7/Zion | Archive Adv. Plasma Cannon | -7/Zion | Archive Energy Filter | -7/Zion | Archive Drone Bay | -7/Zion | Archive 0b10 Decoder Chip [Skirmisher] | -7/Zion | Archive Mak. Flight Unit | -7/Zion | Archive Adv. Terrain Scanner | -7/Zion | Archive Mak. Armor Plating | -7/Zion | Archive Plasma Rifle | -7/Zion | Archive Corruption Screen | -7/Zion | Archive Recoil Nullifier | -7/Zion | Archive Hvy. Reactive Plating | -6/Factory | Hacked Imp. Heavy Treads | -6/Factory | Hacked Imp. Weapon Cycler | -6/Factory | Scanalyzed Combat Drone Bay | -6/Data Miner | Free Lgt. Regenerative Plating | -6/Data Miner | Free Enh. Armored Leg | -6/Data Miner | Free Exp. Heat Sink | -6/Data Miner | Free Enh. Coil Gun | -6/Data Miner | Free Imp. Antigrav System | -6/Data Miner | Free Adv. Trap Scanner | -6/Data Miner | Free Hardcell Cannon | -6/Data Miner | Free Biometal Leg | -6/Data Miner | Free Hyp. Gauss Cannon | -6/Data Miner | Free Lyr. Heavy Armor Plating | -5/Factory | Hacked Adv. Hacking Suite | -4/Factory | Hacked Neutron Missile Launcher | -4/Factory | Hacked Assault Drone Bay | -4/Zhirov | Free Exp. Optical Array | -4/Zhirov | Free Imp. Arc Thrower | -4/Zhirov | Free Robot Schematics ------------------ L-41 Fighter | -7/Zion | Archive K-01 Serf | -7/Zion | Archive W-25 Informer | -7/Zion | Archive C-57 Dissector | -7/Zion | Archive B-48 Gladiator | -6/Data Miner | Free G-50 Soldier | -6/Data Miner | Free X-62 Marksman | -6/Data Miner | Free A-15 Conveyor | -6/Data Miner | Free A-27 Freighter | -6/Data Miner | Free B-60 Warrior | -6/Data Miner | Free Fabricated ------------ Cargo Storage Unit | x1 | -7/Factory Lrn. Missile Launcher | x1 | -7/Factory Lrn. Missile Launcher | x1 | -7/Factory Humpback | x1 | -7/Factory Lrn. Missile Launcher | x1 | -7/Factory Lrn. Missile Launcher | x1 | -7/Factory Hvy. Reactive Plating | x1 | -6/Factory Imp. Heavy Treads | x2 | -6/Factory Hvy. Reactive Plating | x1 | -6/Factory Hvy. Reactive Plating | x1 | -6/Factory Hvy. Reactive Plating | x1 | -5/Factory Adv. Hacking Suite | x1 | -4/Factory Neutron Missile Launcher | x1 | -4/Factory Neutron Missile Launcher | x1 | -4/Factory Humpback | x1 | -4/Factory Neutron Missile Launcher | x1 | -4/Factory Neutron Missile Launcher | x1 | -4/Factory Lyr. Heavy Armor Plating | x1 | -3/Research Alien Tech Used ----------------- Integrated Reactor Dimensional Node Initializer Achievements -------------- None Challenges ------------ None Game ------ Seed GuidanceAssemblyGenerator Manual? 0 Play Time 16:26:11 Cumulative 892.7 hours Start 2022.10.02 @ 18:30:16 End 2022.10.07 @ 22:42:27 Sessions 23 Manual Loads 0 Difficulty Rogue Special Mode None Game No. 198 Rogue 166 Adventurer 31 Explorer 1 Win Type - Total 40 Types 28/0/6/5/0/0/1/0/0 Lore% 86 Gallery% 89 Achievement% 76 Wizard Run 0 Options --------- ASCII 0 Keyboard 0 Movement Arrows Keybinds 0 Fullscreen 1 Font 20/Terminus Map View 66x50 Tactical HUD 1 Map Filters NONE Filters NONE Steam 1 RUN: 45dc65f6-820d-4900-9e74-c74172acbb04